 Dungeon Crawl Stone Soup version 0.24.0-13-gcf9b3192b9 (webtiles) character file.

Game seed: 8048570660989352329, levelgen mode: deterministic

945214 DildoBatman the Petrodigitator (level 27, -3/243 HPs)
             Began as a Formicid Wizard on Nov 3, 2019.
             Was an Initiate of Gozag.
             Killed from afar by a pearl dragon (37 damage)
             ... with a blast of cleansing flame
             ... on level 19 of a ziggurat on Nov 5, 2019.
             The game lasted 05:40:03 (64567 turns).

DildoBatman the Petrodigitator (Formicid Wizard)   Turns: 64567, Time: 05:40:04

Health: -3/243     AC: 31    Str: 16      XL:     27
Magic:  37/51      EV: 33    Int: 39 (40) God:    Gozag
Gold:   15605      SH: 19    Dex: 23      Spells: 15/63 levels left

rFire    + + .     SeeInvis +   b - +6 Majin-Bo {vamp, Archmagi MP+6 Int+6}
rCold    + . .     Gourm    .   A - +2 shield "Xush" {Regen+ Dex+4}
rNeg     . . .     Faith    .   o - +4 troll leather armour
rPois    +         Spirit   .   (helmet unavailable)
rElec    +         Reflect  .   l - +2 cloak of the Thief {+Fog Slay-2 SInv Stlth+}
rCorr    +         Harm     .   w - +1 pair of gloves "Iriwk" {+Inv rF+ Dex+4}
MR       ++...                  t - +2 pair of boots {run}
Stlth    ++........             m - amulet of magic regeneration
HPRegen  2.30/turn              h - ring of Robustness {AC+8}
MPRegen  0.57/turn              T - ring of the Octopus King {Wiz AC+1 EV+1 Str+1 Int+1 Dex+1}

@: brilliant, agile, resistant, gold aura, flying, very slightly contaminated,
regenerating, glowing, invisible (but backlit and visible), quick
A: permanent stasis, dig shafts and tunnels, four strong arms, antennae 3, thin
metallic scales 1, deformed body, robust 1
}: 4/15 runes: serpentine, barnacled, silver, golden
a: Dig, Shaft Self, Potion Petition, Call Merchant, Bribe Branch, Renounce
Religion, Evoke Fog


You were on level 19 of a ziggurat.
You worshipped Gozag.
Gozag was extremely pleased with you.
You were not hungry.

You visited 10 branches of the dungeon, and saw 46 of its levels.
You visited 1 bazaar.
You visited 2 ziggurats (completing 1), and saw 46 of their levels.
You also visited: Bailey, Gauntlet, Ice Cave, Volcano and Wizlab.

You collected 43844 gold pieces.
You spent 11549 gold pieces at shops.
You paid 16690 gold pieces to Gozag.

Inventory:

Hand Weapons
 b - the +6 Majin-Bo (weapon) {vamp, Archmagi MP+6 Int+6}
   (You found it on level 4 of a ziggurat)

   It inflicts no extra harm, but heals its wielder when it wounds a living foe.
   It affects your intelligence (+6).
   It affects your magic capacity (+6).
 c - the +3 Elemental Staff {rElec rF++ rC++ MR++ AC+5}
   (You found it on level 3 of the Crypt)

   It affects your AC (+5).
   It greatly protects you from fire.
   It greatly protects you from cold.
   It insulates you from electricity.
   It affects your resistance to hostile enchantments.
Missiles
 s - 7 throwing nets (quivered)
Armour
 l - the +2 cloak of the Thief (worn) {+Fog Slay-2 SInv Stlth+}
   (You found it on level 3 of the Elven Halls)

   It affects your accuracy and damage with ranged weapons and melee attacks
   (-2).
   It lets you see invisible.
   It makes you more stealthy.
 o - a +4 troll leather armour (worn)
 t - a +2 pair of boots of running (worn)
 w - the +1 pair of gloves "Iriwk" (worn) {+Inv rF+ Dex+4}
   (You found it on level 18 of a ziggurat)

   It affects your dexterity (+4).
   It protects you from fire.
   It lets you turn invisible.
 A - the +2 shield "Xush" (worn) {Regen+ Dex+4}
   (You bought it in a shop on level 2 of the Orcish Mines)

   It affects your dexterity (+4).
   It increases your rate of regeneration.
Magical Staves
 a - an uncursed staff of energy
Jewellery
 h - the ring of Robustness (left hand) {AC+8}
   (You found it on level 3 of the Crypt)

   [ring of protection]

   It affects your AC (+8).
 m - an amulet of magic regeneration (around neck)
 T - a ring of the Octopus King (right hand) {Wiz AC+1 EV+1 Str+1 Int+1 Dex+1}
   (You found it on level 14 of a ziggurat)

   [ring of wizardry]

   It improves your spell success rate.
   It affects your AC (+1).
   It affects your evasion (+1).
   It affects your strength (+1).
   It affects your intelligence (+1).
   It affects your dexterity (+1).
Wands
 u - a wand of scattershot (33)
 B - a wand of iceblast (41)
 Z - a wand of acid (44)
Scrolls
 f - 19 scrolls of amnesia
 k - 29 scrolls of fog
 q - 13 scrolls of enchant armour
 x - 35 scrolls of remove curse
 y - a scroll of summoning
 z - 34 scrolls of identify
 O - 9 scrolls of holy word
 R - 7 scrolls of immolation
 Y - 6 scrolls of torment
Potions
 d - 4 potions of resistance
 i - 28 potions of curing
 p - 5 potions of cancellation
 C - 24 potions of heal wounds
 G - 9 potions of brilliance
 I - 2 potions of invisibility
 J - 3 potions of agility
 L - 3 potions of magic
 M - 16 potions of might
 Q - 4 potions of ambrosia
Miscellaneous
 e - a fan of gales
 j - 7 phantom mirrors
 H - 14 boxes of beasts
 K - a phial of floods
 P - 9 sacks of spiders
 S - a lightning rod (4/4)
 U - a lamp of fire
Comestibles
 v - 69 rations


   Skills:
 * Level 19.1 Fighting
 * Level 19.2 Armour
 * Level 16.3 Dodging
 - Level 2.4 Stealth
 * Level 22.4 Shields
 - Level 18.5 Spellcasting
 - Level 6.1 Conjurations
 - Level 10.0 Hexes
 - Level 6.0 Charms
   Level 1.0 Summonings
 - Level 21.3 Necromancy
   Level 0.8 Translocations
 - Level 19.0 Transmutations
 - Level 5.0 Fire Magic
 - Level 6.3 Ice Magic
 O Level 27 Air Magic
 O Level 27 Earth Magic
 * Level 18.3 Evocations


You had 15 spell levels left.
You knew the following spells:

 Your Spells              Type           Power        Failure   Level  Hunger
a - Borgnjor's Vile Clut  Necr/Erth      #########.   0%          5    None
b - Shatter               Erth           #########.   1%          9    #####..
c - Tornado               Air            #########.   1%          9    #####..
d - Necromutation         Tmut/Necr      ########..   1%          8    ####...
e - Regeneration          Chrm/Necr      ########..   0%          3    None
f - Bolt of Magma         Conj/Fire/Erth ########..   1%          5    None
g - Darkness              Hex            ########..   1%          6    None
h - Ozocubu's Armour      Chrm/Ice       ########     1%          3    None

Your spell library contained the following spells:

 Spells                   Type           Power        Failure   Level  Hunger
 Animate Skeleton         Necr           N/A          0%          1    None
 Confusing Touch          Hex            ######       0%          1    None
 Corona                   Hex            #######      0%          1    None
 Pain                     Necr           ####         0%          1    None
 Sandblast                Erth           ######       0%          1    None
 Shock                    Conj/Air       ####         0%          1    None
 Corpse Rot               Necr           N/A          0%          2    None
 Passwall                 Tmut/Erth      ########     0%          2    None
 Poisonous Vapours        Pois/Air       ######       0%          2    None
 Slow                     Hex            ########     0%          2    None
 Sticks to Snakes         Tmut           ########     0%          2    None
 Sublimation of Blood     Necr           ########..   0%          2    None
 Swiftness                Chrm/Air       ########     0%          2    None
 Static Discharge         Conj/Air       ########     0%          3    None
 Stone Arrow              Conj/Erth      ######       0%          3    None
 Vampiric Draining        Necr           ########..   0%          3    None
 Airstrike                Air            #########.   0%          4    None
 Animate Dead             Necr           N/A          0%          4    None
 Leda's Liquefaction      Hex/Erth       ########..   0%          4    None
 Petrify                  Tmut/Erth      ########     0%          4    None
 Agony                    Necr           ########     0%          5    None
 Blade Hands              Tmut           ########..   0%          5    None
 Dispel Undead            Necr           ########     0%          5    None
 Lee's Rapid Deconstruct  Erth           #########.   0%          5    None
 Silence                  Hex/Air        ########..   0%          5    None
 Death Channel            Necr           ########..   0%          6    None
 Statue Form              Tmut/Erth      #########    0%          6    None
 Apportation              Tloc           ######       1%          1    None
 Flame Tongue             Conj/Fire      #####        1%          1    None
 Freeze                   Ice            ####         1%          1    None
 Infusion                 Chrm           ####         1%          1    None
 Magic Dart               Conj           ####         1%          1    None
 Sting                    Conj/Pois      ####         1%          1    None
 Summon Butterflies       Summ           #######.     1%          1    None
 Summon Small Mammal      Summ           ####         1%          1    None
 Call Imp                 Summ           #######.     1%          2    None
 Ensorcelled Hibernation  Hex/Ice        ######       1%          2    None
 Searing Ray              Conj           ######       1%          2    None
 Shroud of Golubria       Chrm/Tloc      ######       1%          2    None
 Song of Slaying          Chrm           ########     1%          2    None
 Throw Flame              Conj/Fire      ######       1%          2    None
 Throw Frost              Conj/Ice       ######       1%          2    None
 Call Canine Familiar     Summ           #######.     1%          3    None
 Confuse                  Hex            ########     1%          3    None
 Conjure Flame            Conj/Fire      ########     1%          3    None
 Dazzling Spray           Conj/Hex       ######       1%          3    None
 Gell's Gravitas          Tloc           #######...   1%          3    None
 Ignite Poison            Fire/Tmut/Pois ########     1%          3    None
 Inner Flame              Hex/Fire       ########     1%          3    None
 Lesser Beckoning         Tloc           #######...   1%          3    None
 Mephitic Cloud           Conj/Pois/Air  ########     1%          3    None
 Portal Projectile        Hex/Tloc       ######       1%          3    None
 Recall                   Summ/Tloc      N/A          1%          3    None
 Spectral Weapon          Hex/Chrm       ########     1%          3    None
 Spider Form              Tmut/Pois      ########..   1%          3    None
 Summon Guardian Golem    Hex/Summ       ########     1%          3    None
 Teleport Other           Tloc           #######.     1%          3    None
 Tukima's Dance           Hex            ########     1%          3    None
 Cause Fear               Hex            ########..   1%          4    None
 Force Lance              Conj/Tloc      #######.     1%          4    None
 Fulminant Prism          Conj/Hex       ########..   1%          4    None
 Ice Form                 Ice/Tmut       ########     1%          4    None
 Iskenderun's Mystic Bla  Conj           ########     1%          4    None
 Olgreb's Toxic Radiance  Pois           ######..     1%          4    None
 Passage of Golubria      Tloc           N/A          1%          4    None
 Sticky Flame             Conj/Fire      ########     1%          4    None
 Summon Ice Beast         Ice/Summ       #######.     1%          4    None
 Summon Lightning Spire   Summ/Air       ########     1%          4    None
 Throw Icicle             Conj/Ice       ########     1%          4    None
 Alistair's Intoxication  Tmut/Pois      ########     1%          5    None
 Bolt of Draining         Conj/Necr      ########..   1%          5    None
 Excruciating Wounds      Chrm/Necr      ########..   1%          5    None
 Fireball                 Conj/Fire      ########..   1%          5    None
 Irradiate                Conj/Tmut      ########..   1%          5    None
 Iskenderun's Battlesphe  Conj/Chrm      ########     1%          5    None
 Lightning Bolt           Conj/Air       ########..   1%          5    None
 Metabolic Englaciation   Hex/Ice        ########..   1%          5    None
 Summon Demon             Summ           #######...   1%          5    None
 Summon Mana Viper        Hex/Summ       ########     1%          5    None
 Venom Bolt               Conj/Pois      #######...   1%          5    None
 Yara's Violent Unravell  Hex/Tmut       ########..   1%          5    None
 Bolt of Cold             Conj/Ice       ########..   1%          6    None
 Bolt of Fire             Conj/Fire      ########..   1%          6    None
 Conjure Ball Lightning   Conj/Air       ########..   1%          6    None
 Deflect Missiles         Chrm/Air       ########..   1%          6    None
 Freezing Cloud           Conj/Ice/Air   ########..   1%          6    None
 Hydra Form               Tmut           ########..   1%          6    None
 Invisibility             Hex            ########     1%          6    None
 Iron Shot                Conj/Erth      ########..   1%          6    None
 Ozocubu's Refrigeration  Ice            ########..   1%          6    None
 Simulacrum               Ice/Necr       ########..   1%          6    None
 Dragon Form              Tmut           ########..   1%          7    None
 Haunt                    Necr/Summ      ########..   1%          7    None
 Borgnjor's Revivificati  Necr           ########..   1%          8    ####...
 Chain Lightning          Conj/Air       ########..   1%          8    ####...
 Infestation              Necr           ########..   1%          8    ####...
 Lehudib's Crystal Spear  Conj/Erth      ########..   1%          8    ####...
 Summon Forest            Summ/Tloc      #######...   2%          5    None
 Death's Door             Chrm/Necr      ########..   2%          8    ####...
 Poison Arrow             Conj/Pois      #######...   4%          6    None
 Orb of Destruction       Conj           ########..   7%          7    None
 Ring of Flames           Chrm/Fire      ########..   9%          7    None
 Shadow Creatures         Summ           N/A          10%         6    None
 Dispersal                Tloc           #######...   11%         6    None
 Discord                  Hex            ########..   11%         8    ####...
 Spellforged Servitor     Conj/Summ      #######...   17%         7    None
 Summon Hydra             Summ           #######...   41%         7    None
 Ignition                 Fire           #######...   52%         8    ####...
 Disjunction              Tloc           #######...   95%         8    ####...
 Fire Storm               Conj/Fire      ########..   99%         9    #####..
 Glaciate                 Conj/Ice       ########..   99%         9    #####..
 Dragon's Call            Summ           #######...   100%        9    #####..
 Blink                    Tloc           Unusable     N/A         2    N/A
 Controlled Blink         Tloc           Unusable     N/A         8    N/A

Dungeon Overview and Level Annotations

Branches:
Dungeon (15/15)            Temple (1/1) D:7            Lair (6/6) D:9
 Shoals (4/4) Lair:4        Snake (4/4) Lair:2        Slime (0/5) Lair:5
    Orc (2/2) D:12            Elf (3/3) Orc:2        Vaults (5/5) D:13
  Crypt (3/3) Vaults:2       Tomb (3/3) Crypt:3      Depths (0/5) D:15
 Bailey (visited)           IceCv (visited)         Volcano (visited)
 WizLab (visited)         Gauntlet (visited)

Altars:
Ashenzari
Cheibriados
Dithmenos
Elyvilon
Fedhas
Gozag
Hepliaklqana
Kikubaaqudgha
Makhleb
Nemelex Xobeh
Okawaru
Qazlal
Ru
Sif Muna
Trog
Uskayaw
Vehumet
Wu Jian
Xom
Yredelemnul
Zin
The Shining One
Jiyva

Shops:
D:5 }%   D:6 ?   D:11 *   D:15 !   Orc:2 ?:?([![!=[   Elf:1 !   Snake:3 *
Vaults:5 %??!   Tomb:3 **

Portals:
Pandemonium: Orc:2
Trove: Vaults:2 (show abyssal rune of Zot)


Innate Abilities, Weirdness & Mutations

You cannot be hasted, slowed, berserked, paralysed or teleported.
You can dig through walls and to a lower floor.
Your four strong arms can wield two-handed weapons with a shield.
You have a pair of large antennae on your head. (SInv)
You are partially covered in thin metallic scales. (AC +2)
Armour fits poorly on your strangely shaped body.
You are robust. (+10% HP)


Message History

The cherub sings a powerful hymn!
The angel shouts!
The ophan turns its gaze towards you. [a] - 196 gold - agility and flight [b] - 325 gold - heal wounds and magic [c] - 253 gold - curing and magic Purchase which effect?
You feel much better. Magic courses through your body.
The angel is no longer distracted by gold.
The angel gestures.
The angel is healed somewhat.
The ophan becomes distracted by the nearby gold, dreaming of imaginary riches.
The daeva calls down the wrath of the Shining One upon you.
The Shining One smites you!
An apis comes into view.
The pearl dragon breathes cleansing flame at you.
The blast of cleansing flame engulfs you!!!
You die...
Your body crumbles into a pile of gold.

▓▓.......#.#........
▓...................
▓▓..........#........
▓..$.................
▓..$..$..............
▓........$.Y.........
▓▓.$$$$..A.AA.........
▓..∩§D(..G$A...A.$....
▓▓..§@$.AAAAA..A....A.
▓...§§....AY.{A......
▓..........G.........
▓......(...A.........
▓▓........A.#........
▓...................
▓▓.......#.#........
▓▓.................
▓▓...#.#.#........


You could see 2 apis, 7 daevas, a pearl dragon, 3 angels, 2 ophanim and 2
cherubim.

Vanquished Creatures
  5 orbs of fire (Zig:26)
  12 ancient liches
  2 juggernauts (Zig:14)
  Mennas (Vaults:3)
  37 greater mummies
  Sojobo (Vaults:3)
  7 pandemonium lords
  7 Killer Klowns
  Saint Roka (Orc:2)
  Xtahua (Vaults:5)
  2 caustic shrikes (Zig:19)
  Jory (Crypt:2)
  14 golden dragons
  4 profane servitors
  2 bone dragons
  5 pearl dragons (Zig:19)
  2 Tzitzimimeh (Zig:14)
  An iron giant (shapeshifter) (Zig:16)
  12 electric golems
  A Brimstone Fiend (Zig:8)
  6 iron giants
  4 Hell Sentinels
  5 hellephants (Zig:19)
  14 liches
  3 tentacled monstrosities
  Asterion (Vaults:1)
  A quicksilver dragon (Zig:11)
  26 titans
  4 deep elf blademasters
  7 deep elf master archers
  Polyphemus (Shoals:2)
  Frances (D:14)
  2 sphinxes (shapeshifter) (Zig:16)
  19 ancient champions
  2 tentacled starspawn (Zig:15)
  2 acid blobs
  Kirke (Lair:3)
  8 shadow dragons
  8 sphinxes
  17 tengu reavers
  A storm dragon (shapeshifter) (Zig:10)
  Ilsuiw (Shoals:2)
  5 draconian monks
  14 storm dragons
  A thorn hunter (Zig:24)
  Roxanne (Shoals:4)
  An azure jelly (shapeshifter) (Zig:10)
  24 revenants
  3 daevas (Zig:19)
  14 nagarajas
  14 frost giants
  13 balrugs
  20 fire giants
  9 orc warlords
  A frost giant (shapeshifter) (Zig:10)
  13 emperor scorpions
  4 draconian knights
  14 vault wardens
  16 deep elf sorcerers
  12 draconian scorchers
  An emperor scorpion (shapeshifter) (Zig:13)
  19 ghost moths
  9 draconian shifters
  4 iron dragons
  Aizul (Snake:1)
  A cacodemon (Zig:5)
  4 angels (Zig:19)
  8 deep elf elementalists
  A caustic shrike zombie (Zig:17)
  3 ghouls
  5 draconian stormcallers
  12 curse skulls
  11 draconian annihilators
  12 very ugly things
  22 ironheart preservers
  3 caustic shrike skeletons
  7 war gargoyles
  An apis (Zig:19)
  24 stone giants
  A juggernaut skeleton (Zig:18)
  4 green draconians
  14 vampire knights
  12 reapers
  10 bennus
  9 black suns
  2 ophanim (Zig:19)
  5 blood saints
  A corrupter (Zig:8)
  Nessos (Lair:6)
  26 entropy weavers
  4 red draconians
  5 dire elephants
  Azrael (D:13)
  6 black draconians
  11 purple draconians
  2 yellow draconians (Zig:12)
  A minotaur (shapeshifter) (Zig:10)
  A minotaur (Gauntlet)
  11 deep elf demonologists
  5 white draconians
  A dire elephant (shapeshifter) (Zig:10)
  12 spark wasps
  Snorg (Lair:3)
  2 merfolk javelineers (Shoals:4)
  10 ettins
  24 deep elf annihilators
  A crystal guardian (Vaults:5)
  17 fire dragons
  3 blizzard demons
  9 statues (WizLab)
  12 deep elf death magi
  2 death oozes
  31 mummy priests
  14 eidola
  9 green deaths (Zig:24)
  12 jiangshi
  A quicksilver dragon zombie (Crypt:3)
  6 great orbs of eyes
  Harold (Lair:1)
  14 yaktaur captains
  A quicksilver dragon skeleton (Tomb:1)
  2 merfolk impalers
  13 deep elf high priests
  35 vault guards
  4 rakshasas
  8 ice dragons
  17 naga warriors
  23 hydras
  3 shambling mangroves (Zig:24)
  13 spriggan air magi
  11 anacondas
  6 catoblepae
  11 centaur warriors
  5 death knights
  9 merfolk aquamancers
  An alligator snapping turtle (shapeshifter) (Zig:16)
  6 satyrs
  47 two-headed ogres
  53 death scarabs
  2 deep troll earth magi (Vaults:2)
  2 spectral sphinxes (Zig:14)
  An alligator (Zig:24)
  8 death yaks
  20 ogre magi
  2 two-headed ogres (shapeshifter)
  A deep troll shaman (Lair:6)
  A thrashing horror (Zig:15)
  2 hell hogs
  20 shock serpents
  Urug (D:12)
  15 orc high priests
  15 naga sharpshooters
  4 titan zombies
  Nergalle (Lair:4)
  7 soul eaters
  2 spriggans (Zig:24)
  19 vampire magi
  7 wretched stars (Zig:15)
  22 deep elf knights
  3 golden dragon zombies
  Sonja (Lair:3)
  A titan skeleton (Crypt:1)
  5 sixfirhies
  14 fire crabs (Zig:26)
  5 salamander mystics
  A spark wasp zombie (Zig:11)
  11 hell knights (Crypt:3)
  A spatial maelstrom (Zig:15)
  13 deep trolls
  25 skeletal warriors
  15 death drakes
  2 torturous demonspawn (Orc:2)
  4 iron trolls
  4 unseen horrors
  An anaconda zombie (Crypt:3)
  10 shadow wraiths
  6 obsidian statues
  2 shadow demons
  7 sea snakes
  A cherub (Zig:19)
  14 naga ritualists
  A sea snake (shapeshifter) (Zig:10)
  2 storm dragon skeletons (Zig:17)
  19 flayed ghosts
  2 glowing orange brains
  An iron giant zombie (Crypt:1)
  17 phantasmal warriors
  20 starcursed masses
  A deep troll (shapeshifter) (Vaults:2)
  4 tengu zombies
  3 orange crystal statues
  4 spriggan druids
  The ghost of rumpelstilzz the Ducker, a novice TrWr (D:6)
  8 swamp dragons
  A gelid demonspawn (Orc:2)
  A harpy (shapeshifter) (Vaults:1)
  10 large abominations
  A mana viper (shapeshifter) (Zig:16)
  23 harpies
  2 shadow dragon zombies
  9 wizards
  12 ironbrand convokers
  17 deep elf archers
  14 necromancers
  20 orc knights
  A lindwurm (shapeshifter) (Zig:16)
  12 mana vipers
  2 iron dragon zombies
  A wolf spider zombie (Crypt:1)
  Pikel (D:7)
  A sphinx zombie (Zig:18)
  7 cyclopes
  17 orb spiders
  2 tengu skeletons
  A fire giant zombie (Zig:11)
  37 ugly things
  A spectral elf (Zig:14)
  A frost giant zombie (Zig:6)
  23 orc sorcerers
  29 wolf spiders
  A shining eye (shapeshifter) (Vaults:4)
  26 fauns
  107 deep elf magi
  A shadow dragon skeleton (Crypt:3)
  A manticore (shapeshifter) (Zig:16)
  2 sphinx skeletons
  3 frost giant skeletons
  13 elephants
  An iron dragon skeleton (Zig:18)
  A moth of wrath (shapeshifter) (Zig:10)
  10 moths of wrath
  7 rust devils
  A worldbinder (Zig:15)
  16 salamanders
  14 manticores
  2 water nymphs (shapeshifter)
  2 fire giant skeletons
  49 black mambas
  4 stone giant skeletons
  9 guardian serpents
  3 apocalypse crabs
  13 vault sentinels
  5 torpor snails
  A black mamba (shapeshifter) (Vaults:2)
  Joseph (D:8)
  3 molten gargoyles
  6 merfolk sirens
  An orange demon (Zig:5)
  9 ice statues
  12 spiny frogs
  4 smoke demons
  6 water nymphs
  15 naga magi
  An eye of devastation (shapeshifter) (Zig:13)
  8 hellions
  A shock serpent skeleton (Crypt:2)
  7 gargoyles
  A komodo dragon (shapeshifter) (Vaults:2)
  21 demonic crawlers
  7 freezing wraiths
  2 kobold demonologists (D:11)
  2 emperor scorpion zombies
  3 death yak zombies
  2 yaktaurs (shapeshifter)
  4 tormentors
  35 yaktaurs
  10 efreet
  3 ice devils
  9 rime drakes
  17 komodo dragons
  An anaconda simulacrum (Crypt:1)
  A hellwing (Orc:2)
  8 red devils
  A ghost moth simulacrum (Crypt:1)
  20 trolls
  6 human skeletons
  2 hydra zombies
  5 ancient zymes (Zig:15)
  21 merfolk
  A merfolk (shapeshifter) (Zig:13)
  66 guardian mummies
  A spectral glowing shapeshifter (Zig:14)
  A pale draconian skeleton (Crypt:1)
  3 polar bears
  23 jumping spiders
  2 harpy skeletons
  3 tyrant leeches (Zig:24)
  7 wind drakes
  19 hornets
  20 blink frogs
  A bog body (Zig:24)
  A deep troll zombie (Zig:2)
  3 ettin zombies
  22 slime creatures
  3 raiju (shapeshifter)
  12 snapping turtles
  A snapping turtle (shapeshifter) (Vaults:5)
  An alligator zombie (Crypt:1)
  18 raiju
  10 hippogriffs
  A dream sheep (shapeshifter) (Zig:10)
  2 hydra skeletons
  A stone giant simulacrum (Vaults:1)
  4 ettin skeletons
  A spriggan (shapeshifter) (Vaults:4)
  26 flying skulls
  20 tarantellas
  24 redbacks
  11 vampires
  5 shadows
  16 air elementals
  15 wraiths
  A ynoxinul (Zig:15)
  3 wyverns
  50 yaks
  4 black mamba zombies
  10 water elementals
  Sigmund (D:1)
  A human (shapeshifter) (Vaults:3)
  22 ushabtiu
  A tarantella (shapeshifter) (D:14)
  7 hogs
  A hog (shapeshifter) (Vaults:1)
  10 fire bats
  2 black mamba skeletons (Lair:1)
  19 fire elementals
  4 steam dragons
  8 basilisks
  4 vampire mosquitoes
  5 hungry ghosts
  5 small abominations
  A human (D:9)
  A human simulacrum (Vaults:1)
  3 neqoxecs
  5 chaos spawn
  16 wargs
  13 insubstantial wisps
  A merfolk zombie (Tomb:3)
  2 soldier ants (D:13)
  A merfolk skeleton (Crypt:2)
  60 nagas
  3 spiny frog zombies
  21 water moccasins
  An acid dragon (D:14)
  17 hell hounds
  7 porcupines
  6 sky beasts
  3 swamp drakes (Zig:11)
  A floating eye (shapeshifter) (Vaults:5)
  A spiny frog skeleton (Lair:3)
  83 orc warriors
  4 slaves (D:7)
  19 ice beasts
  An eye of draining (shapeshifter) (Vaults:3)
  3 phantoms
  2 black bears
  3 lindwurm zombies (Volcano)
  A boggart (Vaults:2)
  2 dream sheep zombies
  3 eyes of draining
  57 ogres
  A boggart (shapeshifter) (D:13)
  21 centaurs
  3 necrophages
  41 wolves
  19 crocodiles
  2 snapping turtle skeletons (Crypt:1)
  3 elf skeletons
  2 orc skeletons
  3 komodo dragon zombies
  A torpor snail zombie (Lair:3)
  2 hippogriff zombies
  A fire crab zombie (Crypt:2)
  4 big kobolds
  A draconian zombie (Crypt:2)
  5 elf zombies
  8 bullfrogs
  2 salamander zombies (Volcano)
  A gnoll sergeant (Zig:13)
  2 salamander skeletons (Volcano)
  6 earth elementals
  2 komodo dragon skeletons (Lair:1)
  A water moccasin zombie (Lair:3)
  A wyvern zombie (D:8)
  A hippogriff skeleton (Lair:1)
  A wyvern skeleton (D:12)
  4 scorpions
  A water moccasin skeleton (Lair:3)
  2 troll zombies
  23 killer bees
  A warg skeleton (Crypt:1)
  A yak zombie (Crypt:1)
  10 howler monkeys
  An electric eel (Lair:4)
  5 crimson imps
  2 yak skeletons (Lair:1)
  A bullfrog zombie (Lair:3)
  8 lava snakes
  2 centaur zombies
  2 quasits
  2 yaktaur simulacra
  5 bullfrog skeletons
  7 centaur skeletons
  A gnoll shaman (Zig:7)
  2 black bear zombies
  5 hounds
  42 orc wizards
  7 jellies
  39 orc priests
  Crazy Yiuf (D:5)
  4 iron imps (Zig:17)
  Jessica (D:2)
  8 iguanas
  A porcupine zombie (Lair:3)
  10 worker ants
  A big kobold skeleton (Crypt:2)
  3 hound skeletons
  58 mummies
  18 adders
  2 orc zombies
  2 shadow imps
  5 white imps (Gauntlet)
  An ooze (shapeshifter) (Vaults:5)
  An adder zombie (D:6)
  An iguana skeleton (Crypt:1)
  4 worms
  A dart slug (D:1)
  8 leopard geckos
  129 orcs
  2 ball pythons
  5 bats
  A bat zombie (Crypt:1)
  14 giant cockroaches
  6 goblins
  7 hobgoblins
  9 jackals
  3 quokkas
  7 frilled lizards
  21 kobolds
  6 rats
  25 briar patches (Zig:24)
  A fire vortex (D:14)
  16 fungi
  37 plants
  4 withered plants (Crypt:3)
3908 creatures vanquished.

Vanquished Creatures (collateral kills)
  2 Killer Klowns (Zig:16)
  2 pandemonium lords (Zig:16)
  A very ugly thing (Zig:16)
  A merfolk aquamancer (Shoals:4)
  3 fauns (Shoals:4)
  A guardian serpent (shapeshifter) (Zig:16)
  A wind drake (Shoals:4)
  A chaos spawn (Zig:16)
  A killer bee (D:8)
  A plant (Shoals:4)
14 creatures vanquished.

Vanquished Creatures (others)
  A Killer Klown (Zig:16)
  A deep elf blademaster (Zig:16)
  A storm dragon (Zig:23)
  A draconian scorcher (Zig:25)
  A deep elf elementalist (Elf:3)
  A black draconian (Zig:20)
  A spriggan air mage (Zig:22)
  33 dancing weapons
  A deep elf knight (Elf:2)
  A deep elf mage (Zig:16)
  An ugly thing (Zig:24)
  A raiju (Zig:23)
  An orc warrior (Elf:1)
  An earth elemental (Elf:3)
  A white imp (Gauntlet)
  2 fire vortices (D:14)
  27 fungi
  10 plants
86 creatures vanquished.

Grand Total: 4008 creatures vanquished

Notes
Turn   | Place    | Note
-------+----------+-------------------------------------------
     0 | D:1      | DildoBatman the Formicid Wizard began the quest for the
                  | Orb.
     0 | D:1      | Reached XP level 1. HP: 13/13 MP: 4/4
    53 | D:1      | Reached skill level 1 in Conjurations
   302 | D:1      | Reached XP level 2. HP: 19/19 MP: 0/6
   787 | D:1      | Reached XP level 3. HP: 24/24 MP: 0/7
   792 | D:1      | Learned a level 3 spell: Conjure Flame
   796 | D:1      | Learned a level 3 spell: Mephitic Cloud
  1578 | D:2      | Noticed Sigmund
  1712 | D:2      | Reached XP level 4. HP: 8/30 MP: 0/8
  1942 | D:2      | Noticed Jessica
  2855 | D:3      | Found an iron altar of Okawaru.
  2907 | D:3      | Reached XP level 5. HP: 35/35 MP: 5/9
  3114 | D:3      | Found a faded altar of an unknown god.
  3402 | D:3      | Gained mutation: You are robust. (+10% HP) [potion of
                  | mutation]
  3402 | D:3      | Gained mutation: You have sharp toenails. [potion of
                  | mutation]
  3457 | D:4      | Reached skill level 5 in Conjurations
  3457 | D:4      | Reached XP level 6. HP: 45/45 MP: 2/10
  3520 | D:5      | Entered Level 5 of the Dungeon
  3530 | D:5      | Noticed a sky beast
  3538 | D:5      | Killed a sky beast
  3554 | D:5      | Found a glowing golden altar of the Shining One.
  3557 | D:5      | Found an iron altar of Okawaru.
  3560 | D:5      | Found a shadowy altar of Dithmenos.
  3685 | D:5      | Found Foigo's Food Shop.
  3764 | D:6      | Noticed a necrophage
  3779 | D:6      | Killed a necrophage
  3779 | D:6      | Reached XP level 7. HP: 50/50 MP: 10/11
  3887 | D:6      | Found a large runed translucent door.
  3897 | D:6      | Found a large runed translucent door.
  3897 | D:6      | Noticed rumpelstilzz's ghost (novice TrWr)
  3904 | D:6      | Reached skill level 1 in Fire Magic
  3925 | D:6      | Reached skill level 1 in Air Magic
  4252 | D:6      | Found a white marble altar of Elyvilon.
  4253 | D:6      | Found a radiant altar of Vehumet.
  4256 | D:6      | Found a hide-covered altar of Uskayaw.
  4257 | D:6      | Found a sacrificial altar of Ru.
  4362 | D:6      | Found Inedghegi's Magic Scroll Emporium.
  4365 | D:6      | Bought a scroll of fear for 49 gold pieces
  4365 | D:6      | Bought a scroll of remove curse for 42 gold pieces
  4434 | D:6      | Reached XP level 8. HP: 50/57 MP: 9/12
  5125 | D:7      | Found a staircase to the Ecumenical Temple.
  5134 | Temple   | Entered the Ecumenical Temple
  5292 | Temple   | Became a worshipper of Kikubaaqudgha
  5384 | D:6      | Reached skill level 5 in Fire Magic
  5839 | D:5      | Reached XP level 9. HP: 57/62 MP: 13/13
  5869 | D:5      | Reached skill level 5 in Air Magic
  5926 | D:5      | Found Qiudwun's Gadget Emporium.
  5994 | D:5      | Reached skill level 1 in Necromancy
  6121 | D:5      | Found a runed translucent door.
  6131 | D:5      | Noticed Crazy Yiuf
  6562 | D:5      | Found a shimmering altar of Xom.
  6682 | D:4      | Reached * piety under Kikubaaqudgha
  6682 | D:4      | Identified Kikubaaqudgha's Collected Works on Evil Magic
                  | (Kikubaaqudgha gifted it to you on level 4 of the Dungeon)
  6682 | D:4      | Received a gift from Kikubaaqudgha
  6687 | D:4      | Learned a level 2 spell: Sublimation of Blood
  6691 | D:4      | Learned a level 3 spell: Vampiric Draining
  6853 | D:4      | Got an ivory long sword
  6854 | D:4      | Identified the +6 long sword of Conscience {freeze, rN++}
                  | (You found it on level 4 of the Dungeon)
  7252 | D:2      | Killed Jessica
  7328 | D:1      | Killed Sigmund
  7504 | D:5      | Killed Crazy Yiuf
  7695 | D:7      | Reached skill level 5 in Necromancy
  7985 | D:7      | Reached XP level 10. HP: 68/69 MP: 12/14
  8020 | D:7      | Got a bronze ring mail
  8034 | D:7      | Identified the +1 ring mail of Disappointment {Int+2
                  | Stlth+} (You found it on level 7 of the Dungeon)
  8107 | D:7      | Noticed Pikel
  8130 | D:7      | Killed Pikel
  8320 | D:8      | Found a flagged portal.
  8372 | D:8      | Reached ** piety under Kikubaaqudgha
  8403 | D:8      | Noticed a two-headed ogre
  8419 | D:8      | Killed a two-headed ogre
  8419 | D:8      | Reached skill level 5 in Spellcasting
  8454 | D:8      | Noticed Joseph
  8527 | D:8      | Killed Joseph
  8651 | D:8      | You fall into a shaft and drop 2 floors!
  8651 | D:10     | Entered Level 10 of the Dungeon
  8716 | D:9      | Noticed a two-headed ogre
  8737 | D:9      | Killed a two-headed ogre
  8737 | D:9      | Reached XP level 11. HP: 64/79 MP: 12/21
  8807 | Bailey   | Entered a bailey
  8846 | Bailey   | Noticed a deep elf mage
  8872 | Bailey   | Noticed a deep elf mage
  8878 | Bailey   | Noticed a deep elf mage
  8882 | Bailey   | Killed a deep elf mage
  8882 | Bailey   | Noticed a deep elf mage
  8890 | Bailey   | Killed a deep elf mage
  8897 | Bailey   | Noticed a deep elf mage
  8903 | Bailey   | Noticed a deep elf mage
  8910 | Bailey   | Killed a deep elf mage
  8910 | Bailey   | Noticed a deep elf mage
  8916 | Bailey   | Killed a deep elf mage
  8918 | Bailey   | Killed a deep elf mage
  8918 | Bailey   | Reached *** piety under Kikubaaqudgha
  8918 | Bailey   | Identified Kikubaaqudgha's Reference Book on Black Rituals
                  | (Kikubaaqudgha gifted it to you in a bailey)
  8918 | Bailey   | Received a gift from Kikubaaqudgha
  8922 | Bailey   | Killed a deep elf mage
  8927 | Bailey   | Killed a deep elf mage
  9261 | Bailey   | Noticed a deep elf knight
  9277 | Bailey   | Killed a deep elf knight
  9277 | Bailey   | Reached skill level 5 in Fighting
  9277 | Bailey   | Reached skill level 5 in Armour
  9397 | Bailey   | Noticed a deep elf mage
  9399 | Bailey   | Noticed a deep elf mage
  9406 | Bailey   | Killed a deep elf mage
  9412 | Bailey   | Killed a deep elf mage
  9412 | Bailey   | Reached skill level 5 in Dodging
  9538 | D:8      | Learned a level 5 spell: Borgnjor's Vile Clutch
  9544 | D:8      | Learned a level 5 spell: Dispel Undead
  9622 | D:8      | Found a shattered altar of Ashenzari.
  9700 | D:8      | Reached skill level 1 in Earth Magic
 10076 | D:6      | Killed rumpelstilzz's ghost
 10076 | D:6      | Reached XP level 12. HP: 85/95 MP: 16/22
 10321 | D:9      | Found a staircase to the Lair.
 10488 | D:9      | Reached **** piety under Kikubaaqudgha
 10699 | D:9      | Reached skill level 10 in Necromancy
 10944 | D:10     | Reached skill level 5 in Earth Magic
 11192 | D:11     | Reached ***** piety under Kikubaaqudgha
 11306 | D:11     | Noticed a seven-headed hydra
 11462 | D:11     | Killed a seven-headed hydra
 11848 | D:11     | Found Potociz's General Store.
 11958 | D:11     | Reached skill level 10 in Earth Magic
 11960 | D:11     | Reached skill level 1 in Shields
 12193 | D:12     | Noticed Urug
 12213 | D:12     | Found a shadowy altar of Dithmenos.
 12216 | D:12     | Killed Urug
 12262 | D:12     | Reached XP level 13. HP: 77/102 MP: 11/23
 12303 | D:12     | Reached skill level 5 in Shields
 12486 | D:12     | Found a staircase to the Orcish Mines.
 12708 | D:12     | Reached ****** piety under Kikubaaqudgha
 12712 | D:12     | Received a gift from Kikubaaqudgha
 12714 | D:12     | Fell from the grace of Kikubaaqudgha
 12906 | Temple   | Became a worshipper of Gozag Ym Sagoz the Greedy
 13034 | D:11     | Bought a potion of mutation for 88 gold pieces
 13034 | D:11     | Lost mutation: You have sharp toenails. [potion of
                  | mutation]
 13034 | D:11     | Lost mutation: You are robust. (+10% HP) [potion of
                  | mutation]
 13034 | D:11     | Gained mutation: Your flesh is heat resistant. (rF+)
                  | [potion of mutation]
 13034 | D:11     | Gained mutation: You are weak. (Str -2) [potion of
                  | mutation]
 13034 | D:11     | Gained mutation: You are agile. (Dex +2) [potion of
                  | mutation]
 13035 | D:11     | Lost mutation: You are weak. (Str -2) [potion of mutation]
 13035 | D:11     | Lost mutation: You are agile. (Dex +2) [potion of mutation]
 13035 | D:11     | Gained mutation: Your system is resistant to poisons.
                  | (rPois) [potion of mutation]
 13035 | D:11     | Gained mutation: You are partially covered in thin metallic
                  | scales. (AC +2) [potion of mutation]
 13466 | Orc:1    | Entered Level 1 of the Orcish Mines
 13480 | Orc:1    | Reached skill level 10 in Shields
 13811 | Orc:1    | HP: 3/93 [orc knight/+0 great mace (21)]
 14025 | Orc:2    | Entered Level 2 of the Orcish Mines
 14203 | Orc:2    | Found Ocugri's Magic Scroll Emporium.
 14211 | Orc:2    | Found Jilew's Magic Scroll Shoppe.
 14383 | Orc:2    | Bought a scroll of enchant armour for 75 gold pieces
 14386 | Orc:2    | Bought a scroll of enchant armour for 75 gold pieces
 14391 | Orc:2    | Bought a scroll of magic mapping for 35 gold pieces
 14393 | Orc:2    | Bought a scroll of magic mapping for 59 gold pieces
 14598 | Orc:2    | Reached XP level 14. HP: 82/99 MP: 24/24
 14608 | Orc:2    | Noticed a reaper
 14996 | Orc:2    | Noticed Saint Roka
 15209 | Lair:1   | Entered Level 1 of the Lair of Beasts
 15209 | Lair:1   | Found a frozen archway.
 15254 | IceCv    | Entered an ice cave
 15338 | IceCv    | Reached skill level 15 in Shields
 15642 | IceCv    | Got a transparent jade ring
 15646 | IceCv    | Got a steaming lapis lazuli ring
 15799 | Lair:1   | Identified the ring of the Heavens {rN+ MR+ Dex+3} (You
                  | found it in an ice cave)
 15805 | Lair:1   | Identified the ring of Otuiv {Fire +Fly} (You found it in
                  | an ice cave)
 16364 | Lair:1   | Learned a level 3 spell: Ozocubu's Armour
 16477 | Lair:1   | Noticed Harold
 16477 | Lair:1   | You fall into a shaft and drop 1 floor!
 16566 | Lair:2   | Reached skill level 1 in Charms
 16566 | Lair:2   | Reached skill level 1 in Ice Magic
 16585 | Lair:2   | Found a dark tunnel.
 16628 | Volcano  | Entered a volcano
 16905 | Volcano  | Noticed a red draconian
 16944 | Volcano  | Found a radiant altar of Vehumet.
 16951 | Volcano  | Reached XP level 15. HP: 98/107 MP: 4/25
 17156 | Lair:2   | Found a staircase to the Snake Pit.
 17567 | Lair:2   | You fall into a shaft and drop 1 floor!
 17774 | Lair:3   | Noticed Snorg
 17816 | Lair:3   | Killed Snorg
 18158 | Lair:3   | Noticed Sonja
 18165 | Lair:3   | Killed Sonja
 18938 | Lair:1   | Killed Harold
 19558 | Lair:4   | Found a staircase to the Shoals.
 19591 | Lair:4   | Noticed Kirke
 19798 | Lair:4   | Noticed Nergalle
 19817 | Lair:4   | Killed Nergalle
 20136 | Lair:4   | Was forgiven by Kikubaaqudgha
 20822 | Lair:5   | Found a viscous altar of Jiyva.
 20822 | Lair:5   | Found a staircase to the Slime Pits.
 21592 | Lair:6   | Entered Level 6 of the Lair of Beasts
 21657 | Lair:6   | Noticed Nessos
 21672 | Lair:6   | Killed Nessos
 21672 | Lair:6   | Reached XP level 16. HP: 98/117 MP: 29/29
 22082 | Lair:6   | Reached skill level 10 in Spellcasting
 22954 | Lair:3   | Killed Kirke
 23166 | Orc:2    | Found a staircase to the Elven Halls.
 23438 | Orc:2    | Killed Saint Roka
 23745 | Orc:2    | Found Vat Nyq's Book Shop.
 23745 | Orc:2    | Found Jixit's Antique Weapon Boutique.
 23745 | Orc:2    | Found a one-way gate leading to the halls of Pandemonium.
 23757 | Orc:2    | Bought a smoking shortbow for 208 gold pieces
 23757 | Orc:2    | Bought a pitted shortbow for 208 gold pieces
 23757 | Orc:2    | Bought a jewelled dagger for 182 gold pieces
 23888 | Orc:2    | Identified the cursed +2 shortbow of Day {venom, +Fly
                  | Str+2} (You bought it in a shop on level 2 of the Orcish
                  | Mines)
 23891 | Orc:2    | Identified the cursed +1 dagger of Overwhelming Force
                  | {freeze, rElec Str+3} (You bought it in a shop on level 2
                  | of the Orcish Mines)
 23894 | Orc:2    | Identified the +7 shortbow "Vaon" {freeze, Int+4} (You
                  | bought it in a shop on level 2 of the Orcish Mines)
 23944 | Orc:2    | Bought a scroll of identify for 20 gold pieces
 23944 | Orc:2    | Bought a scroll of enchant weapon for 75 gold pieces
 23944 | Orc:2    | Bought a scroll of identify for 20 gold pieces
 23944 | Orc:2    | Bought a scroll of enchant weapon for 75 gold pieces
 23944 | Orc:2    | Bought a scroll of identify for 20 gold pieces
 23944 | Orc:2    | Bought a scroll of amnesia for 35 gold pieces
 23944 | Orc:2    | Bought a scroll of torment for 75 gold pieces
 23944 | Orc:2    | Bought a scroll of amnesia for 35 gold pieces
 23944 | Orc:2    | Bought a scroll of identify for 20 gold pieces
 23972 | Orc:2    | Bought a scroll of identify for 34 gold pieces
 23972 | Orc:2    | Bought a scroll of enchant armour for 127 gold pieces
 23972 | Orc:2    | Bought a scroll of identify for 34 gold pieces
 23972 | Orc:2    | Bought a scroll of acquirement for 884 gold pieces
 23972 | Orc:2    | Bought a scroll of identify for 34 gold pieces
 23972 | Orc:2    | Bought a scroll of identify for 34 gold pieces
 23972 | Orc:2    | Bought a scroll of amnesia for 59 gold pieces
 24057 | D:11     | Bought a scroll of summoning for 104 gold pieces
 24057 | D:11     | Bought a potion of invisibility for 88 gold pieces
 24057 | D:11     | Bought a wand of iceblast (10) for 154 gold pieces
 24057 | D:11     | Bought a scroll of fog for 22 gold pieces
 24175 | D:6      | Bought a scroll of identify for 28 gold pieces
 24175 | D:6      | Bought a scroll of identify for 28 gold pieces
 24265 | D:5      | Bought a wand of iceblast (8) for 144 gold pieces
 24518 | Orc:2    | Bought a book of the Earth for 1170 gold pieces
 24784 | D:13     | Noticed Azrael
 24806 | D:13     | Killed Azrael
 25138 | D:13     | Found a gate to the Vaults.
 25495 | D:14     | Noticed Frances
 25510 | D:14     | Killed Frances
 25602 | D:14     | Got a sparkling tin ring
 25773 | D:14     | Reached XP level 17. HP: 115/123 MP: 11/34
 26147 | D:14     | Found a burning altar of Makhleb.
 26488 | D:14     | Identified the ring "Jevoj" {Str+3 Slay+3 Stlth+} (You
                  | found it on level 14 of the Dungeon)
 26494 | D:15     | Entered Level 15 of the Dungeon
 26739 | D:15     | Found a gate leading to a gauntlet.
 26760 | Gauntlet | Entered a Gauntlet
 26760 | Gauntlet | Found a transporter.
 26768 | Gauntlet | Found a transporter.
 26769 | Gauntlet | Found a transporter.
 26780 | Gauntlet | Found a transporter.
 26781 | Gauntlet | Found a transporter.
 26789 | Gauntlet | Found a transporter.
 26805 | Gauntlet | Found a transporter.
 26815 | Gauntlet | Found a transporter.
 26822 | Gauntlet | Found a runed translucent gate.
 26822 | Gauntlet | Found a runed translucent gate.
 26822 | Gauntlet | Found a runed translucent gate.
 26825 | Gauntlet | Found a transporter.
 26839 | Gauntlet | Found a transporter.
 26848 | Gauntlet | Found a transporter.
 26850 | Gauntlet | Found a transporter.
 26912 | Gauntlet | Found a transporter.
 26912 | Gauntlet | Found a transporter.
 27180 | Gauntlet | Got a pair of pitted gloves
 27283 | Gauntlet | Got a faintly glowing brass ring
 27300 | Gauntlet | Identified the +0 pair of gloves of Insurance {Regen+ Int-5
                  | Dex+6} (You found it in a Gauntlet)
 27313 | Gauntlet | Identified the ring "Fuched" {+Fly rElec EV+1 Int+3} (You
                  | found it in a Gauntlet)
 27364 | Gauntlet | Learned a level 9 spell: Shatter
 27413 | Gauntlet | Lost mutation: Your flesh is heat resistant. (rF+)
                  | [mutagenic glow]
 27954 | Gauntlet | Got a twisted cloak
 27961 | Gauntlet | Got a pitted war axe
 28021 | D:15     | Identified the +5 war axe of Peojeb {pain, Fragile Dex+4}
                  | (You found it in a Gauntlet)
 28042 | D:15     | Identified the +2 cloak of Nuheud {Regen+} (You found it in
                  | a Gauntlet)
 28222 | D:15     | Found Ginorgh's Distillery.
 28231 | D:15     | Bought a potion of curing for 36 gold pieces
 28231 | D:15     | Bought a potion of curing for 36 gold pieces
 28231 | D:15     | Bought a potion of curing for 36 gold pieces
 28231 | D:15     | Bought a potion of curing for 36 gold pieces
 28231 | D:15     | Bought a potion of heal wounds for 60 gold pieces
 28231 | D:15     | Bought a potion of resistance for 120 gold pieces
 28231 | D:15     | Bought 2 potions of curing for 72 gold pieces
 28231 | D:15     | Bought a potion of cancellation for 96 gold pieces
 28997 | D:15     | Found a staircase to the Depths.
 29009 | D:15     | Reached skill level 15 in Spellcasting
 29292 | D:9      | Learned a level 3 spell: Regeneration
 29301 | D:9      | Learned a level 8 spell: Necromutation
 29359 | Snake:1  | Entered Level 1 of the Snake Pit
 29359 | Snake:1  | Noticed Aizul
 29370 | Snake:1  | Killed Aizul
 29405 | Snake:1  | Reached skill level 5 in Ice Magic
 29406 | Snake:1  | Reached skill level 5 in Charms
 29568 | Snake:1  | Found a stormy altar of Qazlal.
 29656 | Snake:1  | Reached XP level 18. HP: 117/131 MP: 16/37
 30317 | Snake:2  | Reached skill level 10 in Fighting
 30322 | Snake:2  | Reached skill level 10 in Armour
 30936 | Snake:3  | Got a smoking short sword
 31154 | Snake:3  | Found Favas's Assorted Antiques.
 31162 | Snake:3  | Bought a scroll of identify for 80 gold pieces
 31162 | Snake:3  | Bought a scroll of identify for 80 gold pieces
 31162 | Snake:3  | Bought a scroll of identify for 80 gold pieces
 31162 | Snake:3  | Bought a scroll of amnesia for 140 gold pieces
 31485 | Snake:3  | Identified the +4 short sword of Putrescence {pierce, +Inv
                  | rElec rC+} (You found it on level 3 of the Snake Pit)
 31510 | Snake:4  | Entered Level 4 of the Snake Pit
 31705 | Snake:4  | Reached XP level 19. HP: 139/139 MP: 27/38
 31910 | Snake:4  | Found a glowing silver altar of Zin.
 32542 | Snake:4  | Reached skill level 15 in Necromancy
 32826 | Snake:4  | Got a serpentine rune of Zot
 33091 | Shoals:1 | Entered Level 1 of the Shoals
 33973 | Shoals:2 | Noticed Ilsuiw
 33990 | Shoals:2 | Killed Ilsuiw
 34040 | Shoals:2 | Noticed Polyphemus
 34055 | Shoals:2 | Reached XP level 20. HP: 146/146 MP: 5/39
 34145 | Shoals:2 | Killed Polyphemus
 35284 | Shoals:4 | Entered Level 4 of the Shoals
 35827 | Shoals:4 | Noticed Roxanne
 35847 | Shoals:4 | Killed Roxanne
 36187 | Shoals:4 | Got a barnacled rune of Zot
 36636 | Shoals:4 | Got steaming fire dragon scales
 36647 | Shoals:4 | Identified the +1 fire dragon scales of Piekeril {rPois
                  | rF++ rC-} (You found it on level 4 of the Shoals)
 36920 | Vaults:1 | Entered Level 1 of the Vaults
 37213 | Vaults:1 | Identified Civy's Guide on Necromancy
 37301 | Vaults:1 | Reached skill level 1 in Transmutations
 37457 | Vaults:1 | Learned a level 5 spell: Bolt of Magma
 37553 | Vaults:1 | Reached XP level 21. HP: 152/152 MP: 23/40
 37828 | Vaults:1 | Reached skill level 5 in Transmutations
 38362 | Vaults:1 | Noticed Asterion
 38371 | Vaults:1 | Killed Asterion
 38930 | Vaults:2 | Reached skill level 10 in Transmutations
 39049 | Vaults:2 | Found a staircase to the Crypt.
 39698 | Vaults:2 | Found a portal to a secret trove of treasure.
 40025 | Vaults:3 | Reached XP level 22. HP: 158/158 MP: 30/41
 40090 | Vaults:3 | Noticed Sojobo
 40409 | Vaults:3 | Killed Sojobo
 40665 | Vaults:3 | Reached skill level 15 in Transmutations
 40761 | Vaults:3 | Got a bloodstained hand crossbow
 41076 | Vaults:3 | Noticed Mennas
 41099 | Vaults:3 | Killed Mennas
 41324 | Vaults:4 | Found a flickering gateway to a bazaar.
 41358 | Bazaar   | Entered a bazaar
 41371 | Bazaar   | Found Elowkyrph's Weapon Shoppe.
 41371 | Bazaar   | Found Viywk's Antique Armour Shoppe.
 41407 | Bazaar   | Found Bizofe's Jewellery Emporium.
 41407 | Bazaar   | Found Zeexotos's Antique Armour Emporium.
 41413 | Bazaar   | Bought the ring "Domoidot" {rElec rC+ MR+ Int+4 Dex-4} for
                  | 535 gold pieces
 41425 | Bazaar   | Bought a glowing cloak for 210 gold pieces
 41425 | Bazaar   | Bought a glowing cloak for 210 gold pieces
 41467 | Bazaar   | Bought a pair of glowing gloves for 210 gold pieces
 41489 | Bazaar   | Identified the +8 hand crossbow of the Sun {penet, Int+7}
                  | (You found it on level 3 of the Vaults)
 41510 | Vaults:4 | Got a spiked ring mail
 41525 | Vaults:4 | Identified the +3 ring mail of Past Mistakes {rElec MR++
                  | rCorr Int-5} (You found it on level 4 of the Vaults)
 41848 | Vaults:4 | Got a pitted scythe
 41849 | Vaults:4 | Identified the +4 scythe of the Establishment {slice, Str+4
                  | Int+3} (You found it on level 4 of the Vaults)
 42116 | Vaults:4 | Reached XP level 23. HP: 150/164 MP: 32/42
 42427 | Vaults:4 | Identified the ring "Cibyupayzo" {*Tele Dex+2}
 42531 | Vaults:4 | Gained mutation: Armour fits poorly on your strangely
                  | shaped body. [a shining eye]
 42531 | Vaults:4 | Gained mutation: Your spells are a little easier to cast,
                  | but a little less powerful. [a shining eye]
 43259 | Elf:1    | Entered Level 1 of the Elven Halls
 43494 | Elf:1    | Found Gaur's Distillery.
 43514 | Elf:1    | Bought a potion of invisibility for 88 gold pieces
 43514 | Elf:1    | Bought a potion of mutation for 88 gold pieces
 43514 | Elf:1    | Bought a potion of brilliance for 44 gold pieces
 43514 | Elf:1    | Bought a potion of ambrosia for 88 gold pieces
 43514 | Elf:1    | Bought a potion of might for 44 gold pieces
 43514 | Elf:1    | Bought a potion of magic for 88 gold pieces
 43514 | Elf:1    | Bought a potion of heal wounds for 55 gold pieces
 43706 | Elf:1    | Identified the Compendium of Darkness
 43728 | Elf:1    | Learned a level 5 spell: Bolt of Draining
 44348 | Elf:2    | Found a runed translucent gate.
 44348 | Elf:2    | Found a runed translucent gate.
 44348 | Elf:2    | Found a runed translucent gate.
 44409 | Elf:2    | Found a magical portal.
 44742 | WizLab   | HP: 5/164 [disintegration (69)]
 45096 | WizLab   | Identified Iskenderun's Incunabulum of Confrontation
 45096 | WizLab   | Identified Iskenderun's Guide on Confrontation
 45774 | Elf:2    | Reached skill level 15 in Earth Magic
 45881 | Elf:2    | Reached XP level 24. HP: 171/171 MP: 32/42
 46225 | Elf:3    | Entered Level 3 of the Elven Halls
 47269 | Elf:3    | Identified the +7 flail "Tohenk" {crush, Int+2}
 47269 | Elf:3    | Identified the ring "Noril" {rElec Dex+3 Stlth-}
 47622 | Elf:3    | Found the +2 cloak of the Thief {+Fog Slay-2 SInv Stlth+}
 47648 | Elf:3    | Identified the Compendium of Stones and Ice
 47654 | Elf:3    | Identified the Tome of the Mountains
 47700 | Elf:3    | Got a scintillating turquoise ring
 47703 | Elf:3    | Identified Oruives's Disquisition on Doomed Snow
 47705 | Elf:3    | Identified the Almanac of Orientation and Feathers
 47722 | Elf:3    | Identified Bitex's Handbook of the Oath
 47828 | Elf:3    | Identified the ring "Pivunej" {rF+ rCorr Int-3 Dex+2} (You
                  | found it on level 3 of the Elven Halls)
 47891 | Elf:3    | Got an ebony flail
 48049 | Orc:2    | Identified the +5 flail of the Dead {vamp, rN+} (You found
                  | it on level 3 of the Elven Halls)
 48052 | Orc:2    | Lost mutation: Your spells are a little easier to cast, but
                  | a little less powerful. [potion of mutation]
 48052 | Orc:2    | Lost mutation: You are partially covered in thin metallic
                  | scales. (AC +2) [potion of mutation]
 48052 | Orc:2    | Lost mutation: Armour fits poorly on your strangely shaped
                  | body. [potion of mutation]
 48052 | Orc:2    | Lost mutation: Your system is resistant to poisons. (rPois)
                  | [potion of mutation]
 48052 | Orc:2    | Gained mutation: Your spells are a little harder to cast,
                  | but a little more powerful. [potion of mutation]
 48052 | Orc:2    | Gained mutation: You have sharp toenails. [potion of
                  | mutation]
 48053 | Orc:2    | Lost mutation: Your spells are a little harder to cast, but
                  | a little more powerful. [potion of mutation]
 48053 | Orc:2    | Lost mutation: You have sharp toenails. [potion of
                  | mutation]
 48053 | Orc:2    | Gained mutation: You do not regenerate when monsters are
                  | visible. [potion of mutation]
 48053 | Orc:2    | Gained mutation: Your muscles are strong. (Str +2) [potion
                  | of mutation]
 48057 | Orc:2    | Bought a potion of agility for 52 gold pieces
 48057 | Orc:2    | Bought 2 potions of brilliance for 104 gold pieces
 48057 | Orc:2    | Bought a potion of curing for 39 gold pieces
 48057 | Orc:2    | Bought a potion of magic for 104 gold pieces
 48057 | Orc:2    | Bought a potion of resistance for 130 gold pieces
 48057 | Orc:2    | Bought 2 potions of curing for 78 gold pieces
 48057 | Orc:2    | Bought a potion of might for 52 gold pieces
 48057 | Orc:2    | Bought a potion of ambrosia for 104 gold pieces
 48057 | Orc:2    | Bought a potion of cancellation for 104 gold pieces
 48059 | Orc:2    | Bought a pair of ichor-stained gloves for 389 gold pieces
 48059 | Orc:2    | Bought a translucent shield for 389 gold pieces
 48070 | Orc:2    | Identified the cursed -3 pair of gloves of the Past {+Blink
                  | Dex+3} (You bought it in a shop on level 2 of the Orcish
                  | Mines)
 48080 | Orc:2    | Identified the +2 shield "Xush" {Regen+ Dex+4} (You bought
                  | it in a shop on level 2 of the Orcish Mines)
 48099 | Orc:2    | Bought the ring "Roenoangadgh" {MP+9 Int+9 Stlth-} for 1068
                  | gold pieces
 48105 | Orc:2    | Bought a potion of curing for 39 gold pieces
 48105 | Orc:2    | Bought a potion of mutation for 104 gold pieces
 48105 | Orc:2    | Lost mutation: Your muscles are strong. (Str +2) [potion of
                  | mutation]
 48105 | Orc:2    | Lost mutation: You do not regenerate when monsters are
                  | visible. [potion of mutation]
 48105 | Orc:2    | Gained mutation: Your flesh is heat resistant. (rF+)
                  | [potion of mutation]
 48105 | Orc:2    | Gained mutation: You are dopey. (Int -2) [potion of
                  | mutation]
 48105 | Orc:2    | Gained mutation: Your spells are a little harder to cast,
                  | but a little more powerful. [potion of mutation]
 48285 | Crypt:1  | Entered Level 1 of the Crypt
 48295 | Crypt:1  | Upgraded the game from 0.24.0-10-g970556be89 to
                  | 0.24.0-13-gcf9b3192b9
 48672 | Crypt:1  | Noticed an ancient lich
 48701 | Crypt:1  | Found a transporter.
 48734 | Crypt:1  | Found a transporter.
 48909 | Crypt:1  | Killed an ancient lich
 49078 | Crypt:1  | Got a warped cloak
 49089 | Crypt:1  | Identified the +0 cloak of Uruezal {rPois rCorr Dex+4} (You
                  | found it on level 1 of the Crypt)
 49178 | Crypt:2  | Reached XP level 25. HP: 169/177 MP: 22/42
 49330 | Crypt:2  | Found an ancient bone altar of Kikubaaqudgha.
 49347 | Crypt:2  | Identified the Catalogue of Evil
 49458 | Crypt:2  | Noticed Jory
 49474 | Crypt:2  | Killed Jory
 49610 | Crypt:2  | Found a shimmering altar of Xom.
 49933 | Crypt:3  | Entered Level 3 of the Crypt
 50501 | Crypt:3  | Found the +3 Elemental Staff {rElec rF++ rC++ MR++ AC+5}
 50585 | Crypt:3  | Got a brightly glowing sapphire amulet
 50875 | Crypt:3  | Identified Buwaz's Volume of Flight and Combat Magic
 50931 | Crypt:3  | Found an ancient bone altar of Kikubaaqudgha.
 50931 | Crypt:3  | Noticed an ancient lich
 50937 | Crypt:3  | Killed an ancient lich
 50969 | Crypt:3  | Noticed an ancient lich
 50975 | Crypt:3  | Killed an ancient lich
 51011 | Crypt:3  | Found the ring of Robustness {AC+8}
 51025 | Crypt:3  | Got a steaming bronze ring
 51032 | Crypt:3  | Identified the ring "Ziobroymet" {MP+9 Int+4} (You found it
                  | on level 3 of the Crypt)
 51043 | Crypt:3  | Identified the amulet "Nuewetel" {Faith *Slow +Fly rElec
                  | Str+2} (You found it on level 3 of the Crypt)
 51180 | Crypt:3  | Reached skill level 1 in Evocations
 51305 | Crypt:3  | Found the +4 dagger "Morg" {pain, MR+ Int+5}
 51320 | Crypt:3  | Found a staircase to the Tomb.
 51376 | Crypt:3  | Got a twisted spear
 51560 | Crypt:3  | Identified the Incunabulum of the Ashen Escort
 51856 | Tomb:1   | Entered Level 1 of the Tomb of the Ancients
 52322 | Tomb:1   | Reached skill level 5 in Evocations
 52368 | Tomb:1   | Reached XP level 26. HP: 177/184 MP: 37/42
 52961 | Tomb:1   | Noticed a greater mummy
 52964 | Tomb:1   | Noticed a greater mummy
 52976 | Tomb:1   | Killed a greater mummy
 52982 | Tomb:1   | Killed a greater mummy
 53025 | Tomb:1   | Noticed a greater mummy
 53032 | Tomb:1   | Killed a greater mummy
 53059 | Tomb:1   | Noticed a greater mummy
 53066 | Tomb:1   | Noticed a greater mummy
 53067 | Tomb:1   | Killed a greater mummy
 53074 | Tomb:1   | Noticed a greater mummy
 53092 | Tomb:1   | Killed a greater mummy
 53092 | Tomb:1   | Killed a greater mummy
 53214 | Tomb:1   | Noticed a greater mummy
 53227 | Tomb:1   | Killed a greater mummy
 53293 | Tomb:1   | Noticed a greater mummy
 53298 | Tomb:1   | Noticed a greater mummy
 53299 | Tomb:1   | Killed a greater mummy
 53307 | Tomb:1   | Killed a greater mummy
 53331 | Tomb:1   | Noticed a greater mummy
 53332 | Tomb:1   | Noticed a greater mummy
 53334 | Tomb:1   | Noticed a greater mummy
 53341 | Tomb:1   | Killed a greater mummy
 53344 | Tomb:1   | Killed a greater mummy
 53344 | Tomb:1   | Noticed a greater mummy
 53345 | Tomb:1   | Killed a greater mummy
 53345 | Tomb:1   | Reached skill level 10 in Evocations
 53357 | Tomb:1   | Killed a greater mummy
 53481 | Tomb:1   | Noticed a greater mummy
 53481 | Tomb:1   | Noticed a greater mummy
 53492 | Tomb:1   | Killed a greater mummy
 53493 | Tomb:1   | Killed a greater mummy
 53496 | Tomb:1   | Noticed a greater mummy
 53505 | Tomb:1   | Noticed a greater mummy
 53509 | Tomb:1   | Killed a greater mummy
 53512 | Tomb:1   | Killed a greater mummy
 53536 | Tomb:1   | Identified the +8 spear "Uprehy" {antimagic, rF++ rN+++
                  | Str-3} (You found it on level 3 of the Crypt)
 54023 | Vaults:5 | Entered Level 5 of the Vaults
 54024 | Vaults:5 | Reached XP level 27. HP: 190/190 MP: 36/42
 54124 | Vaults:5 | Noticed Xtahua
 54236 | Vaults:5 | Reached skill level 27 in Earth Magic
 54261 | Vaults:5 | Killed Xtahua
 54460 | Vaults:5 | Found Qimi's Food Boutique.
 54757 | Vaults:5 | Found Leostraade's Magic Scroll Shoppe.
 54769 | Vaults:5 | Bought 3 scrolls of identify for 66 gold pieces
 54769 | Vaults:5 | Bought a scroll of identify for 22 gold pieces
 54769 | Vaults:5 | Bought a scroll of fog for 22 gold pieces
 54769 | Vaults:5 | Bought a scroll of identify for 22 gold pieces
 54769 | Vaults:5 | Bought a scroll of amnesia for 38 gold pieces
 54823 | Vaults:5 | Found the +9 scales of the Dragon King {rPois rF+ rC+ MR+}
 54901 | Vaults:5 | Found Jiduytz's Distillery.
 54905 | Vaults:5 | Bought a potion of curing for 39 gold pieces
 54905 | Vaults:5 | Bought a potion of cancellation for 104 gold pieces
 54905 | Vaults:5 | Bought a potion of might for 52 gold pieces
 54911 | Vaults:5 | Identified the +7 great mace "Wocaxe" {elec, Int+3}
 55123 | Vaults:5 | Found Wosegh's Magic Scroll Shoppe.
 55127 | Vaults:5 | Bought a scroll of identify for 28 gold pieces
 55127 | Vaults:5 | Bought a scroll of identify for 28 gold pieces
 55127 | Vaults:5 | Bought a scroll of holy word for 105 gold pieces
 55127 | Vaults:5 | Bought a scroll of amnesia for 49 gold pieces
 55127 | Vaults:5 | Bought a scroll of holy word for 105 gold pieces
 55127 | Vaults:5 | Bought a scroll of identify for 28 gold pieces
 55234 | Vaults:5 | Identified the Reference Book on Stones and Necromancy
 55451 | Vaults:5 | Got a silver rune of Zot
 56333 | Tomb:2   | Noticed a greater mummy
 56342 | Tomb:2   | Noticed a greater mummy
 56345 | Tomb:2   | Noticed a greater mummy
 56352 | Tomb:2   | Noticed a greater mummy
 56356 | Tomb:2   | Killed a greater mummy
 56360 | Tomb:2   | Killed a greater mummy
 56364 | Tomb:2   | Killed a greater mummy
 56368 | Tomb:2   | Killed a greater mummy
 56873 | Tomb:3   | Entered Level 3 of the Tomb of the Ancients
 56890 | Tomb:3   | Reached skill level 10 in Dodging
 56921 | Tomb:3   | Noticed a greater mummy
 56922 | Tomb:3   | Noticed a greater mummy
 56923 | Tomb:3   | Noticed a greater mummy
 56933 | Tomb:3   | Killed a greater mummy
 56938 | Tomb:3   | Killed a greater mummy
 56939 | Tomb:3   | Noticed a greater mummy
 56940 | Tomb:3   | Killed a greater mummy
 56957 | Tomb:3   | Noticed a greater mummy
 56959 | Tomb:3   | Noticed a greater mummy
 56969 | Tomb:3   | Killed a greater mummy
 56970 | Tomb:3   | Noticed a greater mummy
 56971 | Tomb:3   | Noticed a greater mummy
 56976 | Tomb:3   | Noticed a greater mummy
 56978 | Tomb:3   | Killed a greater mummy
 56985 | Tomb:3   | Killed a greater mummy
 56986 | Tomb:3   | Killed a greater mummy
 56986 | Tomb:3   | Killed a greater mummy
 56993 | Tomb:3   | Killed a greater mummy
 57190 | Tomb:3   | Identified Sif Muna's Collected Works on the Earthen
                  | Glacier
 57194 | Tomb:3   | Identified the Collected Works on the Fiery Escort
 57196 | Tomb:3   | Identified Dievicev's Reference Book on Ice
 57201 | Tomb:3   | Identified Lapekh's Collected Works on Malediction and
                  | Poisoning
 57490 | Tomb:3   | Got a golden rune of Zot
 57501 | Tomb:3   | Learned a level 9 spell: Tornado
 57615 | Tomb:3   | Got a bloodstained shield
 57619 | Tomb:3   | Got a polished ring mail
 57626 | Tomb:3   | Got a shimmering whip
 57630 | Tomb:3   | Got an encrusted ring mail
 57634 | Tomb:3   | Got a distressingly furry chain mail
 57647 | Tomb:3   | Identified the +5 whip of Destiny {holy, rC+} (You found it
                  | on level 3 of the Tomb of the Ancients)
 57659 | Tomb:3   | Identified the +1 shield "Eminukox" {Str+3 Dex+3} (You
                  | found it on level 3 of the Tomb of the Ancients)
 57669 | Tomb:3   | Identified the +5 ring mail of Elitism {rF- rN+ Regen+
                  | Str+5} (You found it on level 3 of the Tomb of the
                  | Ancients)
 57679 | Tomb:3   | Identified the +1 ring mail of Ethics {-Tele Int+5} (You
                  | found it on level 3 of the Tomb of the Ancients)
 57689 | Tomb:3   | Identified the +7 chain mail of the Pure Orbs {+Inv} (You
                  | found it on level 3 of the Tomb of the Ancients)
 57745 | Tomb:3   | Bought a scroll of identify for 52 gold pieces
 57745 | Tomb:3   | Bought a scroll of identify for 52 gold pieces
 57745 | Tomb:3   | Bought a potion of curing for 78 gold pieces
 57745 | Tomb:3   | Bought a scroll of fog for 52 gold pieces
 57747 | Tomb:3   | Bought the +1 cloak of Starlight {rElec rC+ EV+4 Stlth--}
                  | for 979 gold pieces
 57747 | Tomb:3   | Found the +1 cloak of Starlight {rElec rC+ EV+4 Stlth--}
 57778 | Tomb:3   | Identified a +2 pair of boots of running (You acquired it
                  | on level 3 of the Tomb of the Ancients)
 57809 | Tomb:3   | Learned a level 6 spell: Darkness
 57826 | Zig:1    | Entered Level 1 of a ziggurat
 57865 | Zig:2    | Entered Level 2 of a ziggurat
 57873 | Zig:2    | Reached skill level 1 in Hexes
 57893 | Zig:3    | Entered Level 3 of a ziggurat
 57909 | Zig:3    | Identified the Collected Works on Feathery Good Luck
 57929 | Zig:4    | Entered Level 4 of a ziggurat
 58023 | Zig:5    | Entered Level 5 of a ziggurat
 58029 | Zig:5    | Found the +8 demon trident "Rift" {distort, reach+}
 58078 | Zig:6    | Entered Level 6 of a ziggurat
 58157 | Zig:7    | Entered Level 7 of a ziggurat
 58187 | Zig:7    | Got a glittering silver ring
 58190 | Zig:7    | Identified the Tome of the Unholy Frostbite
 58207 | Zig:7    | Identified the ring "Yrghysa" {*Drain rF+ Dex+5 SInv} (You
                  | found it on level 7 of a ziggurat)
 58220 | Zig:8    | Entered Level 8 of a ziggurat
 58227 | Zig:8    | Noticed Yriatak the pandemonium lord
 58228 | Zig:8    | Found the +2 ratskin cloak {+Rats rPois rN+ Str-1 Int-1
                  | Dex+1}
 58230 | Zig:8    | Killed Yriatak the pandemonium lord
 58230 | Zig:8    | Reached skill level 5 in Hexes
 58307 | Zig:9    | Entered Level 9 of a ziggurat
 58363 | Zig:10   | Entered Level 10 of a ziggurat
 58405 | Zig:10   | Identified the Incunabulum of Transmutation and
                  | Contamination
 58408 | Zig:10   | Got a glittering copper ring
 58455 | Zig:11   | Entered Level 11 of a ziggurat
 58521 | Zig:11   | Identified the Handbook of Moulding
 58590 | Zig:11   | Identified the ring of Xaserr {rC+ Str+5 Dex+3} (You found
                  | it on level 10 of a ziggurat)
 58599 | Zig:12   | Entered Level 12 of a ziggurat
 58667 | Zig:12   | Got a clouded copper ring
 58668 | Zig:12   | Identified A Thorough Guide to Spellweaving
 58679 | Zig:12   | Identified the ring of Xiphafiu {Wiz rElec Str+4 Dex-3
                  | Slay+6} (You found it on level 12 of a ziggurat)
 58682 | Zig:12   | Reached skill level 10 in Hexes
 58690 | Zig:13   | Entered Level 13 of a ziggurat
 58820 | Zig:14   | Entered Level 14 of a ziggurat
 58827 | Zig:14   | Noticed a juggernaut
 58835 | Zig:14   | Killed a juggernaut
 58835 | Zig:14   | Noticed a juggernaut
 58842 | Zig:14   | Found the +2 Maxwell's thermic engine {flame, freeze}
 58853 | Zig:14   | Reached skill level 10 in Air Magic
 58855 | Zig:14   | Killed a juggernaut
 58961 | Zig:15   | Entered Level 15 of a ziggurat
 59155 | Zig:16   | Entered Level 16 of a ziggurat
 59165 | Zig:16   | Noticed Ofeal the pandemonium lord
 59165 | Zig:16   | Noticed a Killer Klown
 59165 | Zig:16   | Noticed a Killer Klown
 59165 | Zig:16   | Noticed Poqu the pandemonium lord
 59165 | Zig:16   | Noticed a Killer Klown
 59165 | Zig:16   | Noticed a Killer Klown
 59165 | Zig:16   | Noticed Paom the pandemonium lord
 59182 | Zig:16   | Noticed a Killer Klown
 59187 | Zig:16   | Killed a Killer Klown
 59190 | Zig:16   | Killed a Killer Klown
 59191 | Zig:16   | Killed a Killer Klown
 59193 | Zig:16   | Killed Paom the pandemonium lord
 59193 | Zig:16   | Killed Poqu the pandemonium lord
 59194 | Zig:16   | Noticed a Killer Klown
 59195 | Zig:16   | Noticed Wicaw the pandemonium lord
 59195 | Zig:16   | Killed a Killer Klown
 59197 | Zig:16   | Killed a Killer Klown
 59198 | Zig:16   | Killed Ofeal the pandemonium lord
 59204 | Zig:16   | Killed Wicaw the pandemonium lord
 59206 | Zig:16   | Noticed Qudghehoc the pandemonium lord
 59215 | Zig:16   | Killed a Killer Klown
 59235 | Zig:16   | Killed Qudghehoc the pandemonium lord
 59323 | Zig:16   | Got a smoking platinum amulet
 59404 | Zig:16   | Identified the amulet of Ming {Harm *Drain rC++ rN+ Str-2
                  | SInv} (You found it on level 16 of a ziggurat)
 59419 | Zig:17   | Entered Level 17 of a ziggurat
 59447 | Zig:17   | Reached skill level 15 in Air Magic
 59513 | Zig:17   | Identified the Collected Works on Heat and the Mountains
 59584 | Zig:17   | Got a pitted crystal plate armour
 59601 | Zig:17   | Identified the +5 crystal plate armour of Hadjma {rN+} (You
                  | found it on level 17 of a ziggurat)
 59617 | Zig:18   | Entered Level 18 of a ziggurat
 59634 | Zig:18   | Noticed an ancient lich
 59641 | Zig:18   | Killed an ancient lich
 59716 | Zig:18   | Got a fine amber ring
 59768 | Zig:19   | Entered Level 19 of a ziggurat
 59973 | Zig:19   | Identified the Collected Works on Virous Shape Shifting
 59987 | Zig:20   | Entered Level 20 of a ziggurat
 60159 | Zig:20   | Found the +2 hat of the Bear Spirit {Spirit, +Rage rN+
                  | MR++}
 60212 | Zig:20   | Identified the ring "Pylur" {Fire +Inv Int-5 Slay+5 Stlth+}
                  | (You found it on level 18 of a ziggurat)
 60224 | Zig:21   | Entered Level 21 of a ziggurat
 60238 | Zig:21   | Noticed an ancient lich
 60238 | Zig:21   | Noticed an ancient lich
 60238 | Zig:21   | Noticed an ancient lich
 60241 | Zig:21   | Noticed an ancient lich
 60244 | Zig:21   | Killed an ancient lich
 60244 | Zig:21   | Killed an ancient lich
 60248 | Zig:21   | Killed an ancient lich
 60248 | Zig:21   | Killed an ancient lich
 60251 | Zig:21   | Noticed an ancient lich
 60255 | Zig:21   | Killed an ancient lich
 60351 | Zig:21   | Identified Sif Muna's Disquisition on Scorching Moulding
 60354 | Zig:21   | Got a scintillating silver ring
 60362 | Zig:21   | Got a glittering golden ring
 60417 | Zig:22   | Entered Level 22 of a ziggurat
 60598 | Zig:22   | Found the +2 robe of Vines {NoPotionHeal Regen+7}
 60599 | Zig:22   | Found the ring of the Mage {Wiz MR++ Int+3}
 60608 | Zig:22   | Identified Sif Muna's Guide on Evil Good Luck
 60612 | Zig:22   | Got a clouded steel ring
 60640 | Zig:22   | Identified the ring of the Philosopher {+Blink +Fly Str+2}
                  | (You found it on level 21 of a ziggurat)
 60642 | Zig:22   | Identified the ring "Ostruh" {rC+ MR+ Str+5 Dex-2} (You
                  | found it on level 22 of a ziggurat)
 60644 | Zig:22   | Identified the ring "Quash" {EV+2 Dex+5} (You found it on
                  | level 21 of a ziggurat)
 60650 | Zig:23   | Entered Level 23 of a ziggurat
 60650 | Zig:23   | Noticed an ancient lich
 60659 | Zig:23   | Killed an ancient lich
 60886 | Zig:24   | Entered Level 24 of a ziggurat
 61033 | Zig:24   | Found the +0 pair of fencer's gloves {Riposte Dex+3}
 61083 | Zig:24   | Identified Rimeijeo's Almanac of Warped Companions
 61087 | Zig:24   | Got a scorched platinum amulet
 61099 | Zig:24   | Got a shimmering iron ring
 61135 | Zig:25   | Entered Level 25 of a ziggurat
 61147 | Zig:25   | Noticed an ancient lich
 61149 | Zig:25   | Killed an ancient lich
 61151 | Zig:25   | Noticed an ancient lich
 61165 | Zig:25   | Killed an ancient lich
 61318 | Zig:25   | Identified Venyg's Catalogue of Conjuration
 61359 | Zig:25   | Identified the amulet of Yhihoul {Spirit rPois} (You found
                  | it on level 24 of a ziggurat)
 61361 | Zig:25   | Identified the ring "Aqaipa" {Fire Str+4 Int+5} (You found
                  | it on level 24 of a ziggurat)
 61368 | Zig:25   | Lost mutation: Your flesh is heat resistant. (rF+) [potion
                  | of mutation]
 61368 | Zig:25   | Lost mutation: Your spells are a little harder to cast, but
                  | a little more powerful. [potion of mutation]
 61368 | Zig:25   | Gained mutation: You have large cloven feet. [potion of
                  | mutation]
 61368 | Zig:25   | Gained mutation: You are very dopey. (Int -4) [potion of
                  | mutation]
 61368 | Zig:25   | Gained mutation: You are surrounded by a mild repulsion
                  | field. (EV +2) [potion of mutation]
 61368 | Zig:25   | Gained mutation: You are partially covered in icy blue
                  | scales. (AC +2) [potion of mutation]
 61369 | Zig:25   | Lost mutation: You have large cloven feet. [potion of
                  | mutation]
 61369 | Zig:25   | Gained mutation: You occasionally shout uncontrollably at
                  | your foes. [potion of mutation]
 61369 | Zig:25   | Gained mutation: You have large cloven feet. [potion of
                  | mutation]
 61370 | Zig:25   | Lost mutation: You are very dopey. (Int -4) [potion of
                  | mutation]
 61370 | Zig:25   | Lost mutation: You occasionally shout uncontrollably at
                  | your foes. [potion of mutation]
 61370 | Zig:25   | Lost mutation: You have large cloven feet. [potion of
                  | mutation]
 61370 | Zig:25   | Gained mutation: You passively map a small area around you.
                  | [potion of mutation]
 61370 | Zig:25   | Lost mutation: You are dopey. (Int -2) [potion of mutation]
 61370 | Zig:25   | Gained mutation: You evolve. [potion of mutation]
 61378 | Zig:26   | Entered Level 26 of a ziggurat
 61412 | Zig:26   | Noticed an orb of fire
 61421 | Zig:26   | Noticed an orb of fire
 61422 | Zig:26   | Noticed an orb of fire
 61426 | Zig:26   | Noticed an orb of fire
 61429 | Zig:26   | Killed an orb of fire
 61431 | Zig:26   | Noticed an orb of fire
 61433 | Zig:26   | Killed an orb of fire
 61433 | Zig:26   | Reached skill level 27 in Air Magic
 61435 | Zig:26   | Killed an orb of fire
 61435 | Zig:26   | Killed an orb of fire
 61441 | Zig:26   | Killed an orb of fire
 61561 | Zig:26   | Got a vibrating ivory ring
 61564 | Zig:26   | Identified the Incunabulum of Augmentations and the Oath
 61580 | Zig:26   | Got a glittering golden ring
 61605 | Zig:26   | Identified the ring "Istyihakk" {rPois rN+ Str+4} (You
                  | found it on level 26 of a ziggurat)
 61607 | Zig:26   | Identified the ring of Nuhaat {rPois rN+ MP+9} (You found
                  | it on level 26 of a ziggurat)
 61611 | Zig:27   | Entered Level 27 of a ziggurat
 61644 | Zig:27   | Found the +6 shillelagh "Devastator" {shatter}
 61813 | Zig:27   | Got a shimmering iron ring
 61903 | Tomb:3   | Identified the ring "Fisau" {Str+7 Int-3 Stlth+} (You found
                  | it on level 27 of a ziggurat)
 62021 | Tomb:3   | Reached skill level 15 in Fighting
 62021 | Tomb:3   | Reached skill level 15 in Armour
 62025 | Zig:1    | Entered Level 1 of a ziggurat
 62045 | Zig:1    | Lost mutation: You are surrounded by a mild repulsion
                  | field. (EV +2) [potion of mutation]
 62045 | Zig:1    | Lost mutation: You passively map a small area around you.
                  | [potion of mutation]
 62045 | Zig:1    | Lost mutation: You are partially covered in icy blue
                  | scales. (AC +2) [potion of mutation]
 62045 | Zig:1    | Lost mutation: You evolve. [potion of mutation]
 62045 | Zig:1    | Gained mutation: You are robust. (+10% HP) [potion of
                  | mutation]
 62045 | Zig:1    | Gained mutation: Your skin changes colour to match your
                  | surroundings (Stealth+). [potion of mutation]
 62046 | Zig:1    | Lost mutation: You are robust. (+10% HP) [potion of
                  | mutation]
 62046 | Zig:1    | Gained mutation: You have sharp toenails. [potion of
                  | mutation]
 62046 | Zig:1    | Gained mutation: Your movements are slightly less
                  | encumbered by armour. (ER -2) [potion of mutation]
 62046 | Zig:1    | Gained mutation: You are resistant to electric shocks.
                  | (rElec) [potion of mutation]
 62047 | Zig:1    | Lost mutation: Your movements are slightly less encumbered
                  | by armour. (ER -2) [potion of mutation]
 62047 | Zig:1    | Lost mutation: You have sharp toenails. [potion of
                  | mutation]
 62047 | Zig:1    | Lost mutation: You are resistant to electric shocks.
                  | (rElec) [potion of mutation]
 62047 | Zig:1    | Gained mutation: Your magical capacity is low. (-10% MP)
                  | [potion of mutation]
 62047 | Zig:1    | Gained mutation: You are dopey. (Int -2) [potion of
                  | mutation]
 62047 | Zig:1    | Gained mutation: You possess an exceptional clarity of
                  | mind. [potion of mutation]
 62048 | Zig:1    | Lost mutation: You are dopey. (Int -2) [potion of mutation]
 62048 | Zig:1    | Lost mutation: Your magical capacity is low. (-10% MP)
                  | [potion of mutation]
 62048 | Zig:1    | Lost mutation: You possess an exceptional clarity of mind.
                  | [potion of mutation]
 62048 | Zig:1    | Gained mutation: You passively map a small area around you.
                  | [potion of mutation]
 62048 | Zig:1    | Gained mutation: You have sharp toenails. [potion of
                  | mutation]
 62049 | Zig:1    | Lost mutation: You have sharp toenails. [potion of
                  | mutation]
 62049 | Zig:1    | Lost mutation: You passively map a small area around you.
                  | [potion of mutation]
 62049 | Zig:1    | Lost mutation: Your skin changes colour to match your
                  | surroundings (Stealth+). [potion of mutation]
 62049 | Zig:1    | Gained mutation: You are partially covered in slimy green
                  | scales. (AC +2) [potion of mutation]
 62049 | Zig:1    | Gained mutation: You are agile. (Dex +2) [potion of
                  | mutation]
 62049 | Zig:1    | Gained mutation: You have large cloven feet. [potion of
                  | mutation]
 62050 | Zig:1    | Lost mutation: You are agile. (Dex +2) [potion of mutation]
 62050 | Zig:1    | Lost mutation: You have large cloven feet. [potion of
                  | mutation]
 62050 | Zig:1    | Lost mutation: You are partially covered in slimy green
                  | scales. (AC +2) [potion of mutation]
 62050 | Zig:1    | Gained mutation: You occasionally shout uncontrollably at
                  | your foes. [potion of mutation]
 62050 | Zig:1    | Gained mutation: Scrolls take you a little longer to read.
                  | [potion of mutation]
 62050 | Zig:1    | Gained mutation: Your natural rate of healing is unusually
                  | fast. [potion of mutation]
 62051 | Zig:1    | Lost mutation: Your natural rate of healing is unusually
                  | fast. [potion of mutation]
 62051 | Zig:1    | Lost mutation: Scrolls take you a little longer to read.
                  | [potion of mutation]
 62051 | Zig:1    | Lost mutation: You occasionally shout uncontrollably at
                  | your foes. [potion of mutation]
 62051 | Zig:1    | Gained mutation: Scrolls take you a little longer to read.
                  | [potion of mutation]
 62051 | Zig:1    | Gained mutation: You expend magic power (3 MP) to
                  | strengthen your wands. [potion of mutation]
 62051 | Zig:1    | Gained mutation: You have sharp toenails. [potion of
                  | mutation]
 62075 | Zig:2    | Entered Level 2 of a ziggurat
 62115 | Zig:3    | Entered Level 3 of a ziggurat
 62170 | Zig:4    | Entered Level 4 of a ziggurat
 62172 | Zig:4    | Found the +6 Majin-Bo {vamp, Archmagi MP+6 Int+6}
 62243 | Zig:5    | Entered Level 5 of a ziggurat
 62244 | Zig:5    | Noticed Gatwurghoma the pandemonium lord
 62248 | Zig:5    | Killed Gatwurghoma the pandemonium lord
 62326 | Zig:6    | Entered Level 6 of a ziggurat
 62364 | Zig:6    | Got a flickering bone ring
 62389 | Zig:7    | Entered Level 7 of a ziggurat
 62413 | Zig:7    | Identified the Papyrus of the Mutagenic Glacier
 62465 | Zig:7    | Identified the ring of Robyfig {*Tele MP-9 Int+2 Dex+7}
                  | (You found it on level 6 of a ziggurat)
 62468 | Zig:8    | Entered Level 8 of a ziggurat
 62489 | Zig:8    | Found the +6 arbalest "Damnation" {damnation}
 62556 | Zig:9    | Entered Level 9 of a ziggurat
 62669 | Zig:10   | Entered Level 10 of a ziggurat
 62676 | Zig:10   | Noticed Fiheov the pandemonium lord
 62676 | Zig:10   | Noticed a Killer Klown
 62676 | Zig:10   | Noticed a Killer Klown
 62678 | Zig:10   | Noticed Dannoot the pandemonium lord
 62690 | Zig:10   | Noticed a Killer Klown
 62690 | Zig:10   | Killed a Killer Klown
 62690 | Zig:10   | Noticed a Killer Klown
 62691 | Zig:10   | Killed a Killer Klown
 62693 | Zig:10   | Killed a Killer Klown
 62697 | Zig:10   | Killed Dannoot the pandemonium lord
 62699 | Zig:10   | Killed a Killer Klown
 62701 | Zig:10   | Killed Fiheov the pandemonium lord
 62701 | Zig:10   | Reached skill level 15 in Evocations
 62741 | Zig:10   | Got a sparkling turquoise ring
 62742 | Zig:10   | Identified the Compendium of the Disturbing Coins
 62786 | Zig:10   | Got a scorched jade ring
 62809 | Zig:11   | Entered Level 11 of a ziggurat
 62955 | Zig:11   | Got a crude cloak
 62970 | Zig:11   | Identified the +0 cloak of Hadjma {rF+ MR+ Dex+3} (You
                  | found it on level 11 of a ziggurat)
 62983 | Zig:11   | Identified the ring "Jeachun" {*Tele MR+ MP+9} (You found
                  | it on level 10 of a ziggurat)
 62986 | Zig:11   | Identified the ring "Ceimm" {Fire Str+3} (You found it on
                  | level 10 of a ziggurat)
 62995 | Zig:12   | Entered Level 12 of a ziggurat
 63009 | Zig:12   | Found the +8 whip "Snakebite" {curare, rPois}
 63064 | Zig:12   | Got a crude brass ring
 63065 | Zig:12   | Identified the Grimoire of the Sixty-Six Tales
 63070 | Zig:12   | Got a smoking lapis lazuli ring
 63124 | Zig:13   | Entered Level 13 of a ziggurat
 63210 | Zig:13   | Identified Sif Muna's Guide on Unstable Hexes
 63315 | Zig:14   | Entered Level 14 of a ziggurat
 63374 | Zig:14   | Found the ring of the Octopus King
 63404 | Zig:14   | Identified the Incunabulum of the Sinister Blaze
 63411 | Zig:14   | Got a ring of the Octopus King
 63414 | Zig:14   | Got a smoking iron ring
 63421 | Zig:14   | Identified the Papyrus of Freezing Intoxication
 63464 | Zig:14   | Identified the ring of Zeefivat {rPois rC+ MP-9 Str+7
                  | Int+2} (You found it on level 12 of a ziggurat)
 63467 | Zig:14   | Identified the ring of Xajaob {+Fly rN+ Stlth-} (You found
                  | it on level 12 of a ziggurat)
 63470 | Zig:14   | Identified a ring of the Octopus King {Wiz AC+1 EV+1 Str+1
                  | Int+1 Dex+1} (You found it on level 14 of a ziggurat)
 63473 | Zig:14   | Identified the ring of Ingeazxy {Wiz rC+++} (You found it
                  | on level 14 of a ziggurat)
 63492 | Zig:15   | Entered Level 15 of a ziggurat
 63518 | Zig:15   | Reached skill level 15 in Dodging
 63720 | Zig:16   | Entered Level 16 of a ziggurat
 63828 | Zig:16   | Got a steaming ivory ring
 63829 | Zig:16   | Identified Sif Muna's Papyrus of Venom and the Birds
 63919 | Zig:16   | Lost mutation: Scrolls take you a little longer to read.
                  | [potion of mutation]
 63919 | Zig:16   | Lost mutation: You have sharp toenails. [potion of
                  | mutation]
 63919 | Zig:16   | Gained mutation: You are weak. (Str -2) [potion of
                  | mutation]
 63919 | Zig:16   | Gained mutation: You have large cloven feet. [potion of
                  | mutation]
 63919 | Zig:16   | Gained mutation: You are frail. (-10% HP) [potion of
                  | mutation]
 63919 | Zig:16   | Gained mutation: Your mind is acute. (Int +2) [potion of
                  | mutation]
 63920 | Zig:16   | Lost mutation: You have large cloven feet. [potion of
                  | mutation]
 63920 | Zig:16   | Lost mutation: You expend magic power (3 MP) to strengthen
                  | your wands. [potion of mutation]
 63920 | Zig:16   | Lost mutation: Your mind is acute. (Int +2) [potion of
                  | mutation]
 63920 | Zig:16   | Lost mutation: You are frail. (-10% HP) [potion of
                  | mutation]
 63920 | Zig:16   | Gained mutation: You have large cloven feet. [potion of
                  | mutation]
 63920 | Zig:16   | Gained mutation: You occasionally shout uncontrollably at
                  | your foes. [potion of mutation]
 63920 | Zig:16   | Lost mutation: You are weak. (Str -2) [potion of mutation]
 63921 | Zig:16   | Lost mutation: You occasionally shout uncontrollably at
                  | your foes. [potion of mutation]
 63921 | Zig:16   | Lost mutation: You have large cloven feet. [potion of
                  | mutation]
 63921 | Zig:16   | Gained mutation: You are partially covered in thin metallic
                  | scales. (AC +2) [potion of mutation]
 63921 | Zig:16   | Gained mutation: Armour fits poorly on your strangely
                  | shaped body. [potion of mutation]
 63921 | Zig:16   | Gained mutation: You are robust. (+10% HP) [potion of
                  | mutation]
 63934 | Zig:17   | Entered Level 17 of a ziggurat
 64099 | Zig:17   | Got a scintillating lapis lazuli ring
 64171 | Zig:17   | Identified the cursed ring of the Distant Future {*Drain
                  | MR- Str-5 Dex+7 Stlth+} (You found it on level 17 of a
                  | ziggurat)
 64173 | Zig:17   | Identified the ring "Novuen" {rF+ Dex+5} (You found it on
                  | level 16 of a ziggurat)
 64177 | Zig:18   | Entered Level 18 of a ziggurat
 64201 | Zig:18   | Noticed a greater mummy
 64201 | Zig:18   | Noticed a greater mummy
 64202 | Zig:18   | Noticed a greater mummy
 64204 | Zig:18   | Noticed a greater mummy
 64205 | Zig:18   | Noticed a greater mummy
 64207 | Zig:18   | Noticed a greater mummy
 64208 | Zig:18   | Killed a greater mummy
 64208 | Zig:18   | Killed a greater mummy
 64208 | Zig:18   | Killed a greater mummy
 64208 | Zig:18   | Noticed a greater mummy
 64211 | Zig:18   | Killed a greater mummy
 64211 | Zig:18   | Killed a greater mummy
 64225 | Zig:18   | Killed a greater mummy
 64238 | Zig:18   | Killed a greater mummy
 64341 | Zig:18   | Got a smoking granite ring
 64430 | Zig:18   | Got a pair of smoking gloves
 64432 | Zig:18   | Got a spiked cloak
 64452 | Zig:18   | Identified the +0 cloak "Hulint" {rPois Str+4 Int+4 Dex+3}
                  | (You found it on level 18 of a ziggurat)
 64462 | Zig:18   | Identified the +1 pair of gloves "Iriwk" {+Inv rF+ Dex+4}
                  | (You found it on level 18 of a ziggurat)
 64474 | Zig:18   | Identified the ring of Ygeydde {rN+ Str+4} (You found it on
                  | level 18 of a ziggurat)
 64484 | Zig:19   | Entered Level 19 of a ziggurat
 64503 | Zig:19   | Identified the +1 large shield "Iwnerchibb" {*Drain Int+6}
 64567 | Zig:19   | Killed from afar by a pearl dragon

Levels and vault maps discovered:
D:1:      dpeg_arrival_central, layout_basic
D:2:      layout_basic, first_ration, uniq_sigmund, uniq_jessica
D:3:      layout_rooms, chequers_ecumenical_altar_island,
          kennysheep_okawaru_gauntlet
D:4:      layout_basic
D:5:      lemuel_upstairs_altar, layout_basic, minmay_overflow_temple_star_quad,
          serial_shops, nicolae_shop_waterfront, shop, uniq_crazy_yiuf_cottage
D:6:      layout_basic, minitemple, serial_shops, nicolae_shop_crystal,
          ebering_ghost_disaster_area
D:7:      layout_basic, temple_doors_cd, uniq_pikel
D:8:      layout_loops_ring, basic_altar, enter_bailey_2, uniq_joseph
D:9:      layout_cave_pools, david_lair_shrubbed, grunt_livestock, st_stairs_7
D:10:     layout_basic
D:11:     layout_cave_pools, serial_shops, shop
D:12:     layout_roguey, david_orc_4, serial_bayou_pond_d,
          grunt_dithmenos_smoke_and_mirrors, uniq_urug
D:13:     layout_roguey, david_vaults_2, uniq_azrael
D:14:     layout_irregular_city, lemuel_coloured_pillars_altar,
          minmay_misc_feat_more_columns, hangedman_incinerator, uniq_frances
D:15:     hangedman_depths_entry_try_elsewhere_first, layout_loops_corners,
          gauntlet_entry_generic, roderic_lattice_a, serial_shops, shop
Temple:   regret_index_temple_waves
Lair:1:   layout_layer_cave, portal_ice_cave_rime, grunt_forest_large_clearings,
          uniq_harold
Lair:2:   layout_regular_city, guppyfry_snake_entry_island,
          nicolae_volcano_entry_hallway, beast_lair_carwin_10
Lair:3:   layout_hall_layers, infiniplex_staircase_pool, uniq_snorg, uniq_sonja
Lair:4:   layout_cave_pods, elwin_shoals_entry_rocks, grunt_megastairs_1,
          serial_bayou_shore_b, uniq_nergalle, uniq_kirke
Lair:5:   minmay_lair_venomous_thicket, layout_cave_pods, slime_altar_1,
          serial_rivers, chequers_serial_rivers_micro_b,
          chequers_serial_rivers_micro_a, chequers_serial_rivers_room_b,
          chequers_serial_rivers_small_3, chequers_serial_rivers_micro_d,
          chequers_serial_rivers_room_a, serial_bayou_shore_b
Lair:6:   grunt_lair_end_beastmaster, layout_regular_city,
          kennysheep_basilisk_garden, grunt_megastairs_5, uniq_nessos
Shoals:1: layout_shoals
Shoals:2: layout_shoals, uniq_ilsuiw, uniq_polyphemus
Shoals:3: layout_shoals
Shoals:4: shoals_end_grunt_garden, layout_shoals, uniq_roxanne
Snake:1:  layout_rooms, basic_altar, uniq_aizul
Snake:2:  layout_layer_cave, st_stairs_6, minmay_snake_pond
Snake:3:  layout_grid_shapes, serial_shops, nicolae_shop_statue_plus
Snake:4:  johnstein_snake_rune_scales, layout_cave_town, basic_altar,
          st_stairs_3, grunt_ministairs_10, eino_curves_02, serial_bayou_shore_b
Orc:1:    layout_caves
Orc:2:    pf_orc_diabolical, layout_diamond_mine, uniq_saint_roka
Elf:1:    eino_elf_arrival_customs, layout_geoelf_diagonals, serial_shops, shop,
          minmay_elf_necromancy
Elf:2:    layout_geoelf_diagonals, mu_enter_wizlab_2, elves_outpost_lemuel
Elf:3:    minmay_elf_hall_four_x, layout_onion_city
Vaults:1: nicolae_vaults_little_ls, nicolae_vaults_little_squares_3,
          nicolae_vaults_little_squares_6, v_misc_4, v_misc_12,
          hangedman_vaults_stream, hangedman_vaults_stitches,
          grunt_vaults_bifocal, vaults_dpeg_hooks, layout_vaults_quadrants,
          uniq_asterion
Vaults:2: vaults_room_grunt_arrival_ludios, v_pattern_1, ontoclasm_vaults_fault,
          nicolae_vaults_little_squares_6, nicolae_vaults_angled_halls,
          vaults_room_corners, v_misc_4, nicolae_vaults_disjoint_gnomons,
          vaults_mumra_hexcomb, minmay_crypt_entry_skeletal_spiral,
          nicolae_vaults_gold_heap, nicolae_vaults_circle_grid_a, st_check,
          v_misc_8, layout_vaults_omnicross, enter_trove_5
Vaults:3: hangedman_vaults_impose, ontoclasm_vaults_misaligned,
          hangedman_vaults_restitches, nicolae_vaults_minivaults,
          hangedman_vaults_restitches, vaults_room_door_hall,
          hangedman_vaults_capsules, vaults_dpeg_diagonal,
          dpeg_vaults_monster_row, hangedman_vaults_snaps, v_misc_22,
          vaults_room_semicircle, serial_ice_h, layout_vaults_ring, uniq_sojobo,
          uniq_mennas
Vaults:4: hangedman_vaults_impose, vaults_room_stairs_pillars, v_misc_18,
          v_misc_22, v_misc_17, vaults_dpeg_doors, v_misc_28,
          nicolae_vaults_rhombus_6, nicolae_vaults_circle_grid_b, st_cross,
          layout_vaults_chaotic_city, serial_shops, bzr_entry_dummy
Vaults:5: uniq_xtahua
Crypt:1:  gammafunk_the_bubble [the_bubble_gammafunk_grid], layout_rooms,
          grunt_megastairs_3, grunt_crypt_arrival_webbed
Crypt:2:  layout_misc_corridors, basic_altar, serial_sigils_hangedman_stare,
          weyrava_vampire_temple, uniq_jory
Crypt:3:  quadcrypt_mu
Tomb:1
Tomb:2
Tomb:3
Zig:19

Skill      XL: |  1  2  3  4  5  6  7  8  9 10 11 12 13 14 15 16 17 18 19 20 21 22 23 24 25 26 27 |
---------------+----------------------------------------------------------------------------------+-----
Conjurations   | 1 2 3 4 5 6 |  6.1
Fire Magic     | 3 5 |  5.0
Air Magic      | 2 4 5 27 | 27.0
Necromancy     | 7 9 10 13 16 19 21 | 21.3
Spellcasting   | 7 9 13 15 18 | 18.5
Fighting       | 2 5 7 8 9 10 19 | 19.1
Armour         | 2 5 7 8 9 10 19 | 19.2
Dodging        | 2 5 6 7 8 16 | 16.3
Earth Magic    | 2 10 12 15 19 22 24 27 | 27.0
Shields        | 4 12 15 22 | 22.4
Charms         | 2 4 5 6 |  6.0
Ice Magic      | 2 4 5 6 |  6.3
Transmutations | 3 12 17 19 | 19.0
Evocations     | 5 11 18 | 18.3
Hexes          | 10 | 10.0
Stealth        | |  2.4
Summonings     | |  1.0
Translocations | |  0.8

Action                   |  1- 3 |  4- 6 |  7- 9 | 10-12 | 13-15 | 16-18 | 19-21 | 22-24 | 25-27 || total
-------------------------+-------+-------+-------+-------+-------+-------+-------+-------+-------++-------
Melee: Unarmed           |     4 |       |       |       |       |     9 |       |       |       ||    13
       Short sword       |     6 |     4 |       |       |       |       |       |       |       ||    10
       Trident           |       |    60 |    71 |       |       |       |       |       |       ||   131
       Kick              |       |     1 |    40 |    59 |    22 |       |       |       |       ||   122
       Staff             |       |       |    29 |     1 |       |       |       |     1 |    68 ||    99
       Halberd           |       |       |    58 |    15 |       |       |       |       |       ||    73
       Long sword        |       |       |    46 |   217 |   914 |   383 |    21 |     6 |       ||  1587
       Quarterstaff      |       |       |       |       |       |       |       |       |    15 ||    15
 Fire: Shortbow          |       |       |    93 |       |       |   527 |   918 |   128 |       ||  1666
       Hunting sling     |       |       |       |     4 |       |       |       |       |       ||     4
       Hand crossbow     |       |       |       |       |       |       |       |   554 |   489 ||  1043
Throw: Stone             |     3 |       |     4 |       |       |       |       |       |       ||     7
       Boomerang         |       |       |       |     3 |     2 |       |       |       |       ||     5
 Cast: Magic Dart        |    62 |    70 |    52 |    24 |    25 |    12 |       |       |       ||   245
       Mephitic Cloud    |     1 |     1 |    49 |    53 |    42 |    14 |     5 |     4 |       ||   169
       Conjure Flame     |       |     8 |    30 |    48 |    57 |    20 |    10 |     4 |       ||   177
       Vampiric Draining |       |       |       |    38 |     2 |     8 |       |       |       ||    48
       Dispel Undead     |       |       |       |     4 |     2 |     5 |     5 |    23 |    82 ||   121
       Borgnjor's Vile C |       |       |       |    22 |   151 |   234 |   318 |   322 |   332 ||  1379
       Sublimation of Bl |       |       |       |       |     8 |     8 |    59 |    58 |       ||   133
       Ozocubu's Armour  |       |       |       |       |     2 |    13 |    15 |    21 |    42 ||    93
       Regeneration      |       |       |       |       |       |     8 |    26 |    48 |     9 ||    91
       Shatter           |       |       |       |       |       |     1 |       |       |   256 ||   257
       Bolt of Magma     |       |       |       |       |       |       |     3 |     8 |     9 ||    20
       Bolt of Draining  |       |       |       |       |       |       |       |    46 |       ||    46
       Necromutation     |       |       |       |       |       |       |       |    16 |   124 ||   140
       Tornado           |       |       |       |       |       |       |       |       |    51 ||    51
       Darkness          |       |       |       |       |       |       |       |       |    11 ||    11
Invok: Potion Petition   |       |       |       |       |     1 |       |       |     2 |    25 ||    28
       Receive Necronomi |       |       |       |       |     1 |       |       |       |       ||     1
       Renounce Religion |       |       |       |       |     1 |       |       |       |       ||     1
       Call Merchant     |       |       |       |       |       |       |       |     6 |     2 ||     8
 Abil: Dig               |     2 |       |    22 |    21 |    36 |    11 |     4 |    12 |     2 ||   110
       End Transformatio |       |       |       |       |       |       |       |     6 |    11 ||    17
       Evoke Fog         |       |       |       |       |       |       |       |       |     1 ||     1
Evoke: Wand              |       |       |       |     2 |     3 |       |       |       |     2 ||     7
       Sack of spiders   |       |       |       |       |       |       |       |     2 |     1 ||     3
       Phial of floods   |       |       |       |       |       |       |       |     1 |     2 ||     3
       Staff of energy   |       |       |       |       |       |       |       |     6 |   781 ||   787
       Phantom mirror    |       |       |       |       |       |       |       |       |     6 ||     6
       Figurine of a zig |       |       |       |       |       |       |       |       |     2 ||     2
       Fan of gales      |       |       |       |       |       |       |       |       |     1 ||     1
       Lamp of fire      |       |       |       |       |       |       |       |       |     1 ||     1
       Box of beasts     |       |       |       |       |       |       |       |       |     1 ||     1
  Use: Scroll            |       |     5 |       |     4 |    13 |    13 |     4 |    10 |    33 ||    82
       Potion            |       |     1 |       |    13 |     2 |     7 |       |     7 |    38 ||    68
 Stab: Confused          |       |       |     5 |    16 |    10 |     3 |       |       |       ||    34
       Paralysed         |       |       |       |     4 |     7 |       |       |       |       ||    11
       Distracted        |       |       |       |       |     3 |     4 |       |       |     1 ||     8
       Petrified         |       |       |       |       |       |     4 |       |       |       ||     4
       Invisible         |       |       |       |       |       |     1 |       |       |       ||     1
       Sleeping          |       |       |       |       |       |     1 |       |       |       ||     1
  Eat: Chunk             |     3 |     5 |    24 |    25 |     8 |       |       |       |       ||    65
       Ration            |       |       |       |       |    22 |    14 |     9 |     9 |     6 ||    60
Armor: Robe              |     3 |     3 |       |       |       |       |       |       |       ||     6
       Leather armour    |       |     2 |    95 |    79 |    14 |       |       |       |       ||   190
       Troll leather arm |       |       |       |       |   245 |   170 |   131 |   117 |   502 ||  1165
Dodge: Dodged            |    17 |    19 |   143 |   185 |   449 |   339 |   263 |   184 |   711 ||  2310
Block: Large shield      |       |       |       |       |   920 |   736 |   598 |   326 |       ||  2580
       Shield            |       |       |       |       |       |       |       |    91 |   902 ||   993
       Rpst.: Long sword |       |       |     6 |    46 |   114 |    51 |     1 |     3 |       ||   221
